Workbook
Name DiffLevelEasy: Analysis!$AF$2
Name DiffLevelVeryHard: Analysis!$AF$5
Name OG_2016_DS_Diag_Results_1: 'Diag Q'!$C$27:$G$50
Name OG_2016_SC_Results: SC!$D$3:$G$142
Name EL_Result: 'Error Log'!$H$2
Name DiffLevelNA: Analysis!$AF$6
Name OG_2016_PS_Diag_Results_1: 'Diag Q'!$C$3:$G$26
Name EL_Question: 'Error Log'!$A$2
Name EL_TimeTotal: 'Error Log'!$I$2
Name OG_2016_DS_Diag_Results: 'Diag Q'!$C$27:$G$50
Name EL_AnswerChoice: 'Error Log'!$G$2
Name EL_Category: 'Error Log'!$F$2
Name OG_2016_PS_Results: PS!$A$3:$G$232
Name EL_Percentile: 'Error Log'!$E$2
Name EL_DifferentLevel: 'Error Log'!$D$2
Name DiffLevelHard: Analysis!$AF$4
Name EL_QuestionNo: #REF!
Name DiffLevelMedium: Analysis!$AF$3
Name OG_2016_PS_Diag_Results: 'Diag Q'!$C$3:$G$26
Name EL_Section: 'Error Log'!$C$2
Name OG_2016_CR_Results: 'RC'!$E$3:$H$141
Name OG_2016_CR_Results: CR!$D$3:$G$126

Sheet About
C2: GMAT CLUB - Contributing to Each Other's Learning | M2: =HYPERLINK("https://gmatclub.com/forum/error-log-for-gmat-official-guide-295343.html","Need Help? Visit this discussion:") -> Need Help? Visit this discussion:
B4: Guide to the Official GMAT Guide 2020 Edition
B5: NOTE: Please go to FIle > Save a Copy to create YOUR editable version of this file FEATURES: - New Questions highlighted in Orange - Track your progress through the Official Guide for GMAT Review 2020 edition - To analyze your mistakes in the Official Guide (Error log and Analysis tabs) - To help find specific practice questions and build your custom practice tests that focus on your weak areas Good Luck on the GMAT! GMAT Club Updated: 8/24/2019 (fixed PS numbering)

Sheet Diag Q
A1: GMAT Club Guide to the Official GMAT Guide 2020 Edition
B2: Difficulty | C2: Percentile | D2: Type | E2: OA | F2: Primary Category
A3: 1 | B3: =if(C3<24%,"Easy", If(C3>74%, "Very Hard", IF(C3<50%, "Medium", "Hard"))) -> Medium | C3: 0.45 | D3: PS | E3: A | F3: Arithmetic/Word Problems/Inequalities
A4: 2 | B4: =if(C4<24%,"Easy", If(C4>74%, "Very Hard", IF(C4<50%, "Medium", "Hard"))) -> Easy | C4: 0.05 | D4: PS | E4: D | F4: Statistics and Sets Problems
A5: 3 | B5: =if(C5<24%,"Easy", If(C5>74%, "Very Hard", IF(C5<50%, "Medium", "Hard"))) -> Easy | C5: 0.05 | D5: PS | E5: E | F5: Sequences
A6: 4 | B6: =if(C6<24%,"Easy", If(C6>74%, "Very Hard", IF(C6<50%, "Medium", "Hard"))) -> Medium | C6: 0.25 | D6: PS | E6: B | F6: Overlapping Sets/Percents and Interest Problems/Probability
A7: 5 | B7: =if(C7<24%,"Easy", If(C7>74%, "Very Hard", IF(C7<50%, "Medium", "Hard"))) -> Hard | C7: 0.55 | D7: PS | E7: B | F7: Geometry
A8: 6 | B8: =if(C8<24%,"Easy", If(C8>74%, "Very Hard", IF(C8<50%, "Medium", "Hard"))) -> Medium | C8: 0.45 | D8: PS | E8: A | F8: Overlapping Sets
A9: 7 | B9: =if(C9<24%,"Easy", If(C9>74%, "Very Hard", IF(C9<50%, "Medium", "Hard"))) -> Hard | C9: 0.65 | D9: PS | E9: E | F9: Probability
A10: 8 | B10: =if(C10<24%,"Easy", If(C10>74%, "Very Hard", IF(C10<50%, "Medium", "Hard"))) -> Hard | C10: 0.55 | D10: PS | E10: E | F10: Fractions/Ratios/Decimals/Statistics and Sets Problems
A11: 9 | B11: =if(C11<24%,"Easy", If(C11>74%, "Very Hard", IF(C11<50%, "Medium", "Hard"))) -> Easy | C11: 0.05 | D11: PS | E11: D | F11: Statistics and Sets Problems
A12: 10 | B12: =if(C12<24%,"Easy", If(C12>74%, "Very Hard", IF(C12<50%, "Medium", "Hard"))) -> Very Hard | C12: 0.75 | D12: PS | E12: C | F12: Geometry
A13: 11 | B13: =if(C13<24%,"Easy", If(C13>74%, "Very Hard", IF(C13<50%, "Medium", "Hard"))) -> Very Hard | C13: 0.95 | D13: PS | E13: C | F13: Combinations
A14: 12 | B14: =if(C14<24%,"Easy", If(C14>74%, "Very Hard", IF(C14<50%, "Medium", "Hard"))) -> Easy | C14: 0.15 | D14: PS | E14: C | F14: Percents and Interest Problems
... A50: 48 | B50: =if(C50<24%,"Easy", If(C50>74%, "Very Hard", IF(C50<50%, "Medium", "Hard"))) -> Medium | C50: 0.35 | D50: DS | E50: C | F50: Geometry

Sheet Diag V
A1: GMAT Club Guide to the Official GMAT Guide 2020 Edition
A2: Question | B2: Difficulty | C2: Percentile | D2: Type | E2: OA | F2: Primary Category
A3: 49 | B3: =if(C3<24%,"Easy", If(C3>74%, "Very Hard", IF(C3<50%, "Medium", "Hard"))) -> Easy | C3: 0.18 | D3: RC | E3: E | F3: Business/Short Passage
A4: =A3+1 -> 50 | B4: =if(C4<24%,"Easy", If(C4>74%, "Very Hard", IF(C4<50%, "Medium", "Hard"))) -> Medium | C4: 0.39 | D4: RC | E4: C | F4: Business/Short Passage
A5: =A4+1 -> 51 | B5: =if(C5<24%,"Easy", If(C5>74%, "Very Hard", IF(C5<50%, "Medium", "Hard"))) -> Easy | C5: 0.19 | D5: RC | E5: B | F5: Business/Short Passage
A6: =A5+1 -> 52 | B6: =if(C6<24%,"Easy", If(C6>74%, "Very Hard", IF(C6<50%, "Medium", "Hard"))) -> Easy | C6: 0.22 | D6: RC | E6: A | F6: Business/Short Passage
A7: =A6+1 -> 53 | B7: =if(C7<24%,"Easy", If(C7>74%, "Very Hard", IF(C7<50%, "Medium", "Hard"))) -> Medium | C7: 0.35 | D7: RC | E7: D | F7: Business/Short Passage
A8: =A7+1 -> 54 | B8: =if(C8<24%,"Easy", If(C8>74%, "Very Hard", IF(C8<50%, "Medium", "Hard"))) -> Medium | C8: 0.39 | D8: RC | E8: C | F8: Science/Long Passage
A9: =A8+1 -> 55 | B9: =if(C9<24%,"Easy", If(C9>74%, "Very Hard", IF(C9<50%, "Medium", "Hard"))) -> Easy | C9: 0.22 | D9: RC | E9: A | F9: Science/Long Passage
A10: =A9+1 -> 56 | B10: =if(C10<24%,"Easy", If(C10>74%, "Very Hard", IF(C10<50%, "Medium", "Hard"))) -> Hard | C10: 0.51 | D10: RC | E10: A | F10: Science/Long Passage
A11: =A10+1 -> 57 | B11: =if(C11<24%,"Easy", If(C11>74%, "Very Hard", IF(C11<50%, "Medium", "Hard"))) -> Hard | C11: 0.59 | D11: RC | E11: B | F11: Science/Long Passage
A12: =A11+1 -> 58 | B12: =if(C12<24%,"Easy", If(C12>74%, "Very Hard", IF(C12<50%, "Medium", "Hard"))) -> Medium | C12: 0.31 | D12: RC | E12: A | F12: Science/Long Passage
A13: =A12+1 -> 59 | B13: =if(C13<24%,"Easy", If(C13>74%, "Very Hard", IF(C13<50%, "Medium", "Hard"))) -> Medium | C13: 0.37 | D13: RC | E13: B | F13: Science/Long Passage
A14: =A13+1 -> 60 | B14: =if(C14<24%,"Easy", If(C14>74%, "Very Hard", IF(C14<50%, "Medium", "Hard"))) -> Medium | C14: 0.35 | D14: RC | E14: D | F14: Social Science/Short Passage
A15: =A14+1 -> 61 | B15: =if(C15<24%,"Easy", If(C15>74%, "Very Hard", IF(C15<50%, "Medium", "Hard"))) -> Medium | C15: 0.36 | D15: RC | E15: B | F15: Social Science/Short Passage
... A54: =A53+1 -> 100 | B54: =if(C54<24%,"Easy", If(C54>74%, "Very Hard", IF(C54<50%, "Medium", "Hard"))) -> Easy | C54: 0.05 | D54: SC | E54: E | F54: Parallel Structure

Sheet PS
A1: GMAT Club Guide to the Official GMAT Guide 2020 Edition
A2: Question | B2: ID | C2: Difficulty | D2: Percentile | E2: OA | F2: Primary Category | G2: Text
A3: 1 | B3: PS02991 | C3: =if(D3<24%,"Easy", If(D3>74%, "Very Hard", IF(D3<50%, "Medium", "Hard"))) -> Easy | D3: 0.05 | E3: B | F3: Geometry | G3: In the figure the 6 small squares are identical each with sides of l
A4: 2 | B4: PS09868 | C4: =if(D4<24%,"Easy", If(D4>74%, "Very Hard", IF(D4<50%, "Medium", "Hard"))) -> Easy | D4: 0.05 | E4: D | F4: Arithmetic/Graphs and Illustrations | G4: The table shows a summary of the ticket sales from four performances o
A5: 3 | B5: PS10002 | C5: =if(D5<24%,"Easy", If(D5>74%, "Very Hard", IF(D5<50%, "Medium", "Hard"))) -> Easy | D5: 0.05 | E5: D | F5: Statistics and Sets Problems | G5: During a trip that they took together carmen juan maria a
A6: 4 | B6: PS07308 | C6: =if(D6<24%,"Easy", If(D6>74%, "Very Hard", IF(D6<50%, "Medium", "Hard"))) -> Easy | D6: 0.05 | E6: C | F6: Word Problems | G6: Each week a clothing salesperson receives a commission equal
A7: 5 | B7: PS07799 | C7: =if(D7<24%,"Easy", If(D7>74%, "Very Hard", IF(D7<50%, "Medium", "Hard"))) -> Easy | D7: 0.05 | E7: A | F7: Arithmetic/Word Problems | G7: A certain restaurant that regularly advertises through the mail has
A8: 6 | B8: PS02599 | C8: =if(D8<24%,"Easy", If(D8>74%, "Very Hard", IF(D8<50%, "Medium", "Hard"))) -> Easy | D8: 0.05 | E8: E | F8: Geometry | G8: In the figure above what are the coordinates of point r
A9: 7 | B9: PS08877 | C9: =if(D9<24%,"Easy", If(D9>74%, "Very Hard", IF(D9<50%, "Medium", "Hard"))) -> Easy | D9: 0.05 | E9: E | F9: Percents and Interest Problems | G9: The price of a coat in a certain store is 500 if the price of the co
A10: 8 | B10: PS05410 | C10: =if(D10<24%,"Easy", If(D10>74%, "Very Hard", IF(D10<50%, "Medium", "Hard"))) -> Easy | D10: 0.05 | E10: C | F10: Arithmetic | G10: (1/2-1/3)+(1/3-1/4)+(1/4-1/5)+(1/5-1/6)
A11: 9 | B11: PS05001 | C11: =if(D11<24%,"Easy", If(D11>74%, "Very Hard", IF(D11<50%, "Medium", "Hard"))) -> Easy | D11: 0.05 | E11: E | F11: Word Problems | G11: While a family was away on vacation they paid a neighborhood boy
A12: 10 | B12: PS17812 | C12: =if(D12<24%,"Easy", If(D12>74%, "Very Hard", IF(D12<50%, "Medium", "Hard"))) -> Easy | D12: 0.15 | E12: B | F12: Word Problems | G12: Last year 48 000 of a certain store s profit was shared by its 2 owne
A13: 11 | B13: PS02295 | C13: =if(D13<24%,"Easy", If(D13>74%, "Very Hard", IF(D13<50%, "Medium", "Hard"))) -> Easy | D13: 0.05 | E13: D | F13: Fractions/Ratios/Decimals | G13: On a vacation rose exchanged 500 00 for euros at an exchange rate of
A14: 12 | B14: PS08461 | C14: =if(D14<24%,"Easy", If(D14>74%, "Very Hard", IF(D14<50%, "Medium", "Hard"))) -> Easy | D14: 0.05 | E14: E | F14: Fractions/Ratios/Decimals | G14: Each of the 12 squares shown is labeled x y v or w what is the ratio
A15: 13 | B15: PS02336 | C15: =if(D15<24%,"Easy", If(D15>74%, "Very Hard", IF(D15<50%, "Medium", "Hard"))) -> Easy | D15: 0.05 | E15: A | F15: Coordinate Geometry | G15: In the xy coordinate plane if the point 0 2 lies on the graph of th
A16: 14 | B16: PS01248 | C16: =if(D16<24%,"Easy", If(D16>74%, "Very Hard", IF(D16<50%, "Medium", "Hard"))) -> Easy | D16: 0.05 | E16: B | F16: Number Properties/Word Problems | G16: Bouquets are to be made using white tulips and red tulips and the rat
A17: 15 | B17: PS07369 | C17: =if(D17<24%,"Easy", If(D17>74%, "Very Hard", IF(D17<50%, "Medium", "Hard"))) -> Easy | D17: 0.15 | E17: C | F17: Word Problems | G17: Over the past 7 weeks the smith family had weekly grocery bills of
A18: 16 | B18: PS14861 | C18: =if(D18<24%,"Easy", If(D18>74%, "Very Hard", IF(D18<50%, "Medium", "Hard"))) -> Easy | D18: 0.05 | E18: E | F18: Arithmetic/Percents and Interest Problems | G18: 125% of 5
A19: 17 | B19: PS02764 | C19: =if(D19<24%,"Easy", If(D19>74%, "Very Hard", IF(D19<50%, "Medium", "Hard"))) -> Easy | D19: 0.05 | E19: C | F19: Statistics and Sets Problems | G19: During a recent storm 9 neighborhoods experienced power failures of
A20: 18 | B20: PS02286 | C20: =if(D20<24%,"Easy", If(D20>74%, "Very Hard", IF(D20<50%, "Medium", "Hard"))) -> Easy | D20: 0.05 | E20: D | F20: Distance/Rate Problems/Word Problems | G20: When traveling at a constant speed of 32 miles per hour a certain mot
A21: =A20+1 -> 19 | B21: PS11906 | C21: =if(D21<24%,"Easy", If(D21>74%, "Very Hard", IF(D21<50%, "Medium", "Hard"))) -> Easy | D21: 0.05 | E21: E | F21: Percents and Interest Problems/Word Problems | G21: A technician makes a round trip to and from a certain service center b
A22: =A21+1 -> 20 | B22: PS15957 | C22: =if(D22<24%,"Easy", If(D22>74%, "Very Hard", IF(D22<50%, "Medium", "Hard"))) -> Medium | D22: 0.25 | E22: B | F22: Word Problems | G22: From 2000 to 2003 the number of employees at a certain company increa
A23: =A22+1 -> 21 | B23: PS00984 | C23: =if(D23<24%,"Easy", If(D23>74%, "Very Hard", IF(D23<50%, "Medium", "Hard"))) -> Easy | D23: 0.05 | E23: E | F23: Statistics and Sets Problems | G23: Which of the following statements must be true about the average arit
A24: =A23+1 -> 22 | B24: PS15358 | C24: =if(D24<24%,"Easy", If(D24>74%, "Very Hard", IF(D24<50%, "Medium", "Hard"))) -> Easy | D24: 0.15 | E24: B | F24: Algebra | G24: A collection of 16 coins each with a face value of either 10 cents or
A25: 23 | B25: PS09707 | C25: =if(D25<24%,"Easy", If(D25>74%, "Very Hard", IF(D25<50%, "Medium", "Hard"))) -> Easy | D25: 0.05 | E25: C | F25: Word Problems | G25: A retailer purchased eggs at 2 80 per dozen and sold the eggs at 3 eg
A26: =A25+1 -> 24 | B26: PS02127 | C26: =if(D26<24%,"Easy", If(D26>74%, "Very Hard", IF(D26<50%, "Medium", "Hard"))) -> Easy | D26: 0.05 | E26: C | F26: Probability | G26: In a set of 24 cards each card is numbered with a different positive
A27: =A26+1 -> 25 | B27: PS12542 | C27: =if(D27<24%,"Easy", If(D27>74%, "Very Hard", IF(D27<50%, "Medium", "Hard"))) -> Easy | D27: 0.05 | E27: E | F27: Geometry | G27: If the circumference of a circle inscribed in a square is 25 what is
A28: =A27+1 -> 26 | B28: PS03972 | C28: =if(D28<24%,"Easy", If(D28>74%, "Very Hard", IF(D28<50%, "Medium", "Hard"))) -> Easy | D28: 0.05 | E28: E | F28: Inequalities | G28: If 1 x y z which of the following has the greatest value
A29: =A28+1 -> 27 | B29: PS00087 | C29: =if(D29<24%,"Easy", If(D29>74%, "Very Hard", IF(D29<50%, "Medium", "Hard"))) -> Medium | D29: 0.25 | E29: C | F29: Number Properties/Statistics and Sets Problems | G29: Set x consists of eight consecutive integers set y consists of all th
A30: =A29+1 -> 28 | B30: PS05239 | C30: =if(D30<24%,"Easy", If(D30>74%, "Very Hard", IF(D30<50%, "Medium", "Hard"))) -> Easy | D30: 0.05 | E30: B | F30: Arithmetic | G30: Of the following which is the closest to
A31: 29 | B31: PS15402 | C31: =if(D31<24%,"Easy", If(D31>74%, "Very Hard", IF(D31<50%, "Medium", "Hard"))) -> Easy | D31: 0.15 | E31: B | F31: Algebra | G31: Thabo owns exactly 140 books and each book is either paperback fictio
A32: =A31+1 -> 30 | B32: PS04571 | C32: =if(D32<24%,"Easy", If(D32>74%, "Very Hard", IF(D32<50%, "Medium", "Hard"))) -> Easy | D32: 0.05 | E32: C | F32: Arithmetic | G32: If the average arithmetic mean of the four numbers 3 15 32 and n
A33: =A32+1 -> 31 | B33: PS13801 | C33: =if(D33<24%,"Easy", If(D33>74%, "Very Hard", IF(D33<50%, "Medium", "Hard"))) -> Easy | D33: 0.05 | E33: D | F33: Word Problems/Geometry | G33: Abdul barb and carlos all live on the same straight road on which
A34: =A33+1 -> 32 | B34: PS00534 | C34: =if(D34<24%,"Easy", If(D34>74%, "Very Hard", IF(D34<50%, "Medium", "Hard"))) -> Easy | D34: 0.05 | E34: D | F34: Geometry | G34: In the figure shown what is the value of x
A35: =A34+1 -> 33 | B35: PS17479 | C35: =if(D35<24%,"Easy", If(D35>74%, "Very Hard", IF(D35<50%, "Medium", "Hard"))) -> Easy | D35: 0.05 | E35: E | F35: Word Problems/Work/Rate Problems | G35: During a certain time period car x traveled north along a straight ro
A36: =A35+1 -> 34 | B36: PS13707 | C36: =if(D36<24%,"Easy", If(D36>74%, "Very Hard", IF(D36<50%, "Medium", "Hard"))) -> Easy | D36: 0.05 | E36: C | F36: Fractions/Ratios/Decimals/Word Problems | G36: Cheryl purchased 5 identical hollow pine doors and 6 identical solid o
A37: =A36+1 -> 35 | B37: PS01233 | C37: =if(D37<24%,"Easy", If(D37>74%, "Very Hard", IF(D37<50%, "Medium", "Hard"))) -> Easy | D37: 0.15 | E37: C | F37: Min/Max Problems/Word Problems | G37: A certain store will order 25 crates of apples the apples will be of
A38: =A37+1 -> 36 | B38: PS02007 | C38: =if(D38<24%,"Easy", If(D38>74%, "Very Hard", IF(D38<50%, "Medium", "Hard"))) -> Easy | D38: 0.15 | E38: E | F38: Word Problems | G38: A bicycle store purchased two bicycles one for 250 and the other for
A39: =A38+1 -> 37 | B39: PS10628 | C39: =if(D39<24%,"Easy", If(D39>74%, "Very Hard", IF(D39<50%, "Medium", "Hard"))) -> Easy | D39: 0.05 | E39: C | F39: Geometry | G39: In the figure shown ac 2 and bd dc 1 what is the measure of
A40: =A39+1 -> 38 | B40: PS12786 | C40: =if(D40<24%,"Easy", If(D40>74%, "Very Hard", IF(D40<50%, "Medium", "Hard"))) -> Easy | D40: 0 | E40: E | F40: Absolute Values/Modulus/ | G40: If k 2 m 2 which of the following must be true
A41: =A40+1 -> 39 | B41: PS13831 | C41: =if(D41<24%,"Easy", If(D41>74%, "Very Hard", IF(D41<50%, "Medium", "Hard"))) -> Easy | D41: 0.05 | E41: D | F41: Algebra | G41: Makoto nishi and ozuro were paid a total of 780 for waxing the floo
A42: =A41+1 -> 40 | B42: PS05680 | C42: =if(D42<24%,"Easy", If(D42>74%, "Very Hard", IF(D42<50%, "Medium", "Hard"))) -> Easy | D42: 0.05 | E42: B | F42: Geometry | G42: The figure above shows a path around a triangular piece of land mary
A43: =A42+1 -> 41 | B43: PS04797 | C43: =if(D43<24%,"Easy", If(D43>74%, "Very Hard", IF(D43<50%, "Medium", "Hard"))) -> Easy | D43: 0.05 | E43: B | F43: Algebra/Exponents/Powers | G43: If x is a positive integer and 4 x 3 y which of the following can
... A232: =A231+1 -> 230 | B232: PS08886 | C232: =if(D232<24%,"Easy", If(D232>74%, "Very Hard", IF(D232<50%, "Medium", "Hard"))) -> Easy | D232: 0.15 | E232: C | F232: Exponents/Powers/Algebra | G232: The value of 2 14 2 15 2 16 2 17 5 is

Sheet DS
A1: GMAT Club Guide to the Official GMAT Guide 2020 Edition
A2: Question | B2: ID | C2: Difficulty | D2: Percentile | E2: OA | F2: Primary Category | G2: Text
A3: 231 | B3: DS02562 | C3: =if(D3<24%,"Easy", If(D3>74%, "Very Hard", IF(D3<50%, "Medium", "Hard"))) -> Easy | D3: 0.05 | E3: E | F3: Word Problems | G3: What is the number of pages of a certain journal article the size of
A4: 232 | B4: DS10471 | C4: =if(D4<24%,"Easy", If(D4>74%, "Very Hard", IF(D4<50%, "Medium", "Hard"))) -> Easy | D4: 0.05 | E4: C | F4: Word Problems | G4: If a certain vase contains only roses and tulips how many tulips are
A5: 233 | B5: DS03802 | C5: =if(D5<24%,"Easy", If(D5>74%, "Very Hard", IF(D5<50%, "Medium", "Hard"))) -> Easy | D5: 0.05 | E5: A | F5: Algebra | G5: The cost of 10 pounds of apples and 2 pounds of grapes was
A6: 234 | B6: DS05863 | C6: =if(D6<24%,"Easy", If(D6>74%, "Very Hard", IF(D6<50%, "Medium", "Hard"))) -> Easy | D6: 0.05 | E6: E | F6: Statistics and Sets Problems | G6: What was the median annual salary for the employees at compan
A7: 235 | B7: DS03422 | C7: =if(D7<24%,"Easy", If(D7>74%, "Very Hard", IF(D7<50%, "Medium", "Hard"))) -> Easy | D7: 0.05 | E7: D | F7: Arithmetic | G7: How many basic units of currency x are equivalent to 250 basi
A8: 236 | B8: DS12265 | C8: =if(D8<24%,"Easy", If(D8>74%, "Very Hard", IF(D8<50%, "Medium", "Hard"))) -> Easy | D8: 0.05 | E8: C | F8: Word Problems | G8: A company bought 3 printers and 1 scanner what was the price of the
A9: 237 | B9: DS17639 | C9: =if(D9<24%,"Easy", If(D9>74%, "Very Hard", IF(D9<50%, "Medium", "Hard"))) -> Easy | D9: 0.05 | E9: A | F9: Geometry | G9: In the figure above point d is on ac what is the degree measure of
A10: 238 | B10: DS07822 | C10: =if(D10<24%,"Easy", If(D10>74%, "Very Hard", IF(D10<50%, "Medium", "Hard"))) -> Easy | D10: 0.05 | E10: C | F10: Fractions/Ratios/Decimals/Word Problems | G10: Each of the 256 solid colored marbles in a box is either blue green
A11: 239 | B11: DS15940 | C11: =if(D11<24%,"Easy", If(D11>74%, "Very Hard", IF(D11<50%, "Medium", "Hard"))) -> Easy | D11: 0.15 | E11: C | F11: Fractions/Ratios/Decimals/Mixture Problems/Word Problems | G11: A certain mixture of paint requires blue yellow and red paints in
A12: 240 | B12: DS05338 | C12: =if(D12<24%,"Easy", If(D12>74%, "Very Hard", IF(D12<50%, "Medium", "Hard"))) -> Easy | D12: 0.05 | E12: C | F12: Word Problems | G12: The research funds of a certain company were divided among three depar
A13: 241 | B13: DS03138 | C13: =if(D13<24%,"Easy", If(D13>74%, "Very Hard", IF(D13<50%, "Medium", "Hard"))) -> Easy | D13: 0.05 | E13: C | F13: Word Problems | G13: In a certain class some students donated cans of food to a local food
A14: 242 | B14: DS00254 | C14: =if(D14<24%,"Easy", If(D14>74%, "Very Hard", IF(D14<50%, "Medium", "Hard"))) -> Easy | D14: 0.05 | E14: E | F14: Statistics and Sets Problems | G14: Each of the n employees at a certain company has a different annual sa
... A47: 275 | B47: DS01544 | C47: =if(D47<24%,"Easy", If(D47>74%, "Very Hard", IF(D47<50%, "Medium", "Hard"))) -> Medium | D47: 0.35 | E47: C | F47: Overlapping Sets | G47: Of a group of 50 households how many have at least one cat or at
A48: 276 | B48: DS02441 | C48: =if(D48<24%,"Easy", If(D48>74%, "Very Hard", IF(D48<50%, "Medium", "Hard"))) -> Medium | D48: 0.25 | E48: A | F48: Percent and Interest Problems | G48: Robin invested a total of 12 000 in two investments x and y so that | H48: NEW
A49: 277 | B49: DS03999 | C49: =if(D49<24%,"Easy", If(D49>74%, "Very Hard", IF(D49<50%, "Medium", "Hard"))) -> Easy | D49: 0.05 | E49: E | F49: Probability | G49: In a real estate office that employs n salespeople f of them are fema | H49: NEW
A50: 278 | B50: DS09315 | C50: =if(D50<24%,"Easy", If(D50>74%, "Very Hard", IF(D50<50%, "Medium", "Hard"))) -> Easy | D50: 0.05 | E50: A | F50: Inequalities | G50: Is x 1 y 1 x y 1 0 x y 2 xy | H50: NEW
A51: 279 | B51: DS01216 | C51: =if(D51<24%,"Easy", If(D51>74%, "Very Hard", IF(D51<50%, "Medium", "Hard"))) -> Easy | D51: 0.05 | E51: B | F51: Word Problems | G51: Do at least 60 percent of the students in pat s class walk to school
A52: 280 | B52: DS03628 | C52: =if(D52<24%,"Easy", If(D52>74%, "Very Hard", IF(D52<50%, "Medium", "Hard"))) -> Medium | D52: 0.45 | E52: B | F52: Word Problems | G52: A certain plumber charges 92 for each job completed in 4 hours or
A53: 281 | B53: DS02585 | C53: =if(D53<24%,"Easy", If(D53>74%, "Very Hard", IF(D53<50%, "Medium", "Hard"))) -> Medium | D53: 0.25 | E53: B | F53: Inequalities | G53: If x and y are positive numbers is x 1 y 1 x y
A54: 282 | B54: DS01619 | C54: =if(D54<24%,"Easy", If(D54>74%, "Very Hard", IF(D54<50%, "Medium", "Hard"))) -> Medium | D54: 0.35 | E54: D | F54: Fractions/Ratios/Decimals/Inequalities | G54: If a and b are positive integers is a b
A55: 283 | B55: DS04536 | C55: =if(D55<24%,"Easy", If(D55>74%, "Very Hard", IF(D55<50%, "Medium", "Hard"))) -> Easy | D55: 0.05 | E55: E | F55: Overlapping Sets | G55: Every object in a box is either a sphere or a cube and every object
A56: 284 | B56: DS01425 | C56: =if(D56<24%,"Easy", If(D56>74%, "Very Hard", IF(D56<50%, "Medium", "Hard"))) -> Medium | D56: 0.25 | E56: D | F56: Divisibility/Multiples/Factors/Number Properties | G56: If x and y are positive integers is xy even
A57: 285 | B57: DS14502 | C57: =if(D57<24%,"Easy", If(D57>74%, "Very Hard", IF(D57<50%, "Medium", "Hard"))) -> Medium | D57: 0.25 | E57: D | F57: Number Properties | G57: If a and b are integers is a b 3 an odd integer
A58: 286 | B58: DS08308 | C58: =if(D58<24%,"Easy", If(D58>74%, "Very Hard", IF(D58<50%, "Medium", "Hard"))) -> Easy | D58: 0.15 | E58: C | F58: Algebra | G58: If x and y are positive integers what is the value of x 1 2 y
A59: 287 | B59: DS05312 | C59: =if(D59<24%,"Easy", If(D59>74%, "Very Hard", IF(D59<50%, "Medium", "Hard"))) -> Easy | D59: 0.05 | E59: D | F59: Word Problems/Distance/Rate Problems | G59: A certain truck uses 1 12 kv 2 gallons of fuel per mile when its spee
A60: 288 | B60: DS76502.01 | C60: =if(D60<24%,"Easy", If(D60>74%, "Very Hard", IF(D60<50%, "Medium", "Hard"))) -> Easy | D60: 0.05 | E60: C | F60: Number Properties | G60: If r and s are positive integers is r s even | H60: NEW
A61: 289 | B61: DS27502.01 | C61: =if(D61<24%,"Easy", If(D61>74%, "Very Hard", IF(D61<50%, "Medium", "Hard"))) -> Medium | D61: 0.25 | E61: D | F61: Geometry | G61: In the figure above pqr has angle measures as shown is x y | H61: NEW
A62: 290 | B62: DS10602.01 | C62: =if(D62<24%,"Easy", If(D62>74%, "Very Hard", IF(D62<50%, "Medium", "Hard"))) -> Medium | D62: 0.45 | E62: C | F62: Sequences | G62: If s is a set of odd integers and 3 and 1 are in s is 15 in s | H62: NEW
A63: 291 | B63: DS01602.01 | C63: =if(D63<24%,"Easy", If(D63>74%, "Very Hard", IF(D63<50%, "Medium", "Hard"))) -> Medium | D63: 0.25 | E63: C | F63: Number Properties | G63: Is the integer x a 3 digit integer 1 x is the square of an integer | H63: NEW
A64: 292 | B64: DS11602.01 | C64: =if(D64<24%,"Easy", If(D64>74%, "Very Hard", IF(D64<50%, "Medium", "Hard"))) -> Easy | D64: 0.15 | E64: E | F64: Sequences | G64: If the 1st term of a sequence is 0 and the 2nd term is 1 is the 5th | H64: NEW
A65: 293 | B65: DS21602.01 | C65: =if(D65<24%,"Easy", If(D65>74%, "Very Hard", IF(D65<50%, "Medium", "Hard"))) -> Medium | D65: 0.25 | E65: D | F65: Number Properties | G65: Is the sum of four particular integers even 1 two of the integers | H65: NEW
A66: 294 | B66: DS70602.01 | C66: =if(D66<24%,"Easy", If(D66>74%, "Very Hard", IF(D66<50%, "Medium", "Hard"))) -> Easy | D66: 0.05 | E66: B | F66: Word Problems | G66: If a school district paid a total of 35 per desk for x desks and a to | H66: NEW
A67: 295 | B67: DS90602.01 | C67: =if(D67<24%,"Easy", If(D67>74%, "Very Hard", IF(D67<50%, "Medium", "Hard"))) -> Easy | D67: 0.15 | E67: D | F67: Algebra/Word Problems | G67: Three children inherited a total of x dollars if the oldest child inh | H67: NEW
A68: 296 | B68: DS41602.01 | C68: =if(D68<24%,"Easy", If(D68>74%, "Very Hard", IF(D68<50%, "Medium", "Hard"))) -> Easy | D68: 0.15 | E68: D | F68: Algebra | G68: If xyz 0 what is the value of x 4z 2 z 2y | H68: NEW
A69: 297 | B69: DS81602.01 | C69: =if(D69<24%,"Easy", If(D69>74%, "Very Hard", IF(D69<50%, "Medium", "Hard"))) -> Medium | D69: 0.45 | E69: B | F69: Algebra | G69: If a and b are integers and b 0 does a 1 b 1 a b | H69: NEW
A70: 298 | B70: DS12602.01 | C70: =if(D70<24%,"Easy", If(D70>74%, "Very Hard", IF(D70<50%, "Medium", "Hard"))) -> Easy | D70: 0.15 | E70: B | F70: Sequences | G70: In a sequence of numbers in which each term is 2 more than the precedi | H70: NEW
A71: 299 | B71: DS32602.01 | C71: =if(D71<24%,"Easy", If(D71>74%, "Very Hard", IF(D71<50%, "Medium", "Hard"))) -> Easy | D71: 0.15 | E71: A | F71: Divisibility/Multiples/Factors | G71: Is the integer p divisible by 5 1 p is divisible by 10 2 p is | H71: NEW
... A107: 335 | B107: DS75602.01 | C107: =if(D107<24%,"Easy", If(D107>74%, "Very Hard", IF(D107<50%, "Medium", "Hard"))) -> Medium | D107: 0.35 | E107: B | F107: Geometry | G107: In the figure above pqrt is a rectangle what is the length of segmen | H107: NEW
A108: 336 | B108: DS08420 | C108: =if(D108<24%,"Easy", If(D108>74%, "Very Hard", IF(D108<50%, "Medium", "Hard"))) -> Medium | D108: 0.25 | E108: E | F108: Word Problems | G108: On june 1 mary paid omar 360 for rent and utilities for the month of
A109: 337 | B109: DS04057 | C109: =if(D109<24%,"Easy", If(D109>74%, "Very Hard", IF(D109<50%, "Medium", "Hard"))) -> Medium | D109: 0.25 | E109: D | F109: Algebra | G109: If x 2t and y t 3 what is the value of x 2 y
A110: 338 | B110: DS02939 | C110: =if(D110<24%,"Easy", If(D110>74%, "Very Hard", IF(D110<50%, "Medium", "Hard"))) -> Medium | D110: 0.25 | E110: E | F110: Statistics and Sets Problems | G110: The 10 students in a history class recently took an examination what
A111: 339 | B111: DS001341 | C111: =if(D111<24%,"Easy", If(D111>74%, "Very Hard", IF(D111<50%, "Medium", "Hard"))) -> Hard | D111: 0.55 | E111: B | F111: Statistics and Sets Problems/Word Problems | G111: Last school year each of the 200 students at a certain high school at
A112: 340 | B112: DS14569 | C112: =if(D112<24%,"Easy", If(D112>74%, "Very Hard", IF(D112<50%, "Medium", "Hard"))) -> Medium | D112: 0.25 | E112: C | F112: Word Problems | G112: A clothing manufacturer makes jackets that are wool or cotton or a co
A113: 341 | B113: DS05377 | C113: =if(D113<24%,"Easy", If(D113>74%, "Very Hard", IF(D113<50%, "Medium", "Hard"))) -> Medium | D113: 0.25 | E113: D | F113: Divisibility/Multiples/Factors | G113: If n is an integer what is the greatest common divisor of 12 and n
A114: 342 | B114: DS11287 | C114: =if(D114<24%,"Easy", If(D114>74%, "Very Hard", IF(D114<50%, "Medium", "Hard"))) -> Medium | D114: 0.25 | E114: E | F114: Word Problems | G114: Each month jim receives a base salary plus a 10 percent commission on
A115: 343 | B115: DS17615 | C115: =if(D115<24%,"Easy", If(D115>74%, "Very Hard", IF(D115<50%, "Medium", "Hard"))) -> Medium | D115: 0.35 | E115: A | F115: Divisibility/Multiples/Factors | G115: If x is a positive integer greater than 1 what is the value of x
A116: 344 | B116: DS13408 | C116: =if(D116<24%,"Easy", If(D116>74%, "Very Hard", IF(D116<50%, "Medium", "Hard"))) -> Easy | D116: 0.15 | E116: A | F116: Percent and Interest Problems | G116: By what percent was the price of a certain television set discounted
A117: 345 | B117: DS05049 | C117: =if(D117<24%,"Easy", If(D117>74%, "Very Hard", IF(D117<50%, "Medium", "Hard"))) -> Hard | D117: 0.55 | E117: C | F117: Geometry/Word Problems | G117: Jack wants to use a circular rug on his rectangular office floor to co
A118: 346 | B118: DS24751.01 | C118: =if(D118<24%,"Easy", If(D118>74%, "Very Hard", IF(D118<50%, "Medium", "Hard"))) -> Medium | D118: 0.45 | E118: D | F118: Mixture Problems | G118: A paint mixture was formed by mixing exactly 3 colors of paint by vol | H118: New!
A119: 347 | B119: DS05772 | C119: =if(D119<24%,"Easy", If(D119>74%, "Very Hard", IF(D119<50%, "Medium", "Hard"))) -> Easy | D119: 0.15 | E119: E | F119: Arithmetic/Number Properties | G119: In the multiplication table above each letter represents an integer
A120: 348 | B120: DS09379 | C120: =if(D120<24%,"Easy", If(D120>74%, "Very Hard", IF(D120<50%, "Medium", "Hard"))) -> Easy | D120: 0.05 | E120: E | F120: Exponents/Powers/Inequalities | G120: If n is an integer is 0 1 n greater than 10 n
A121: 349 | B121: DS19199 | C121: =if(D121<24%,"Easy", If(D121>74%, "Very Hard", IF(D121<50%, "Medium", "Hard"))) -> Medium | D121: 0.35 | E121: B | F121: Word Problems | G121: For a basic monthly fee of f yen noako s first cell phone allowed him
A122: 350 | B122: DS13949 | C122: =if(D122<24%,"Easy", If(D122>74%, "Very Hard", IF(D122<50%, "Medium", "Hard"))) -> Hard | D122: 0.55 | E122: C | F122: Word Problems | G122: Is the sum of the prices of the 3 books that shana bought less than
A123: 351 | B123: DS12943 | C123: =if(D123<24%,"Easy", If(D123>74%, "Very Hard", IF(D123<50%, "Medium", "Hard"))) -> Medium | D123: 0.45 | E123: C | F123: Arithmetic/Number Properties | G123: If r and t are three digit positive integers is r greater than t
A124: 352 | B124: DS14788 | C124: =if(D124<24%,"Easy", If(D124>74%, "Very Hard", IF(D124<50%, "Medium", "Hard"))) -> Easy | D124: 0.15 | E124: C | F124: Arithmetic/Number Properties | G124: Is the product of two positive integers x and y divisible by the sum o
A125: 353 | B125: DS24571.01 | C125: =if(D125<24%,"Easy", If(D125>74%, "Very Hard", IF(D125<50%, "Medium", "Hard"))) -> Medium | D125: 0.25 | E125: A | F125: Algebra | G125: If a and b are constants is the expression
A126: 354 | B126: DS05330 | C126: =if(D126<24%,"Easy", If(D126>74%, "Very Hard", IF(D126<50%, "Medium", "Hard"))) -> Very Hard | D126: 0.75 | E126: E | F126: Word Problems | G126: A company makes and sells two products p and q the costs per unit of
A127: 355 | B127: DS03045 | C127: =if(D127<24%,"Easy", If(D127>74%, "Very Hard", IF(D127<50%, "Medium", "Hard"))) -> Medium | D127: 0.25 | E127: C | F127: Probability | G127: Jill has applied for a job with each of two different companies what
A128: 356 | B128: DS01257 | C128: =if(D128<24%,"Easy", If(D128>74%, "Very Hard", IF(D128<50%, "Medium", "Hard"))) -> Medium | D128: 0.45 | E128: A | F128: Distance/Rate Problems | G128: A conveyor belt moves bottles at a constant speed of 120 centimeters
A129: 357 | B129: DS02706 | C129: =if(D129<24%,"Easy", If(D129>74%, "Very Hard", IF(D129<50%, "Medium", "Hard"))) -> Medium | D129: 0.35 | E129: E | F129: Statistics and Sets Problems | G129: If x y and z are positive numbers what is the value of the average ar
A130: 358 | B130: DS04428 | C130: =if(D130<24%,"Easy", If(D130>74%, "Very Hard", IF(D130<50%, "Medium", "Hard"))) -> Medium | D130: 0.25 | E130: E | F130: Geometry | G130: The rectangular rug shown in the figure above has an accent border
... A134: 362 | B134: DS13588 | C134: =if(D134<24%,"Easy", If(D134>74%, "Very Hard", IF(D134<50%, "Medium", "Hard"))) -> Medium | D134: 0.35 | E134: B | F134: Inequalities | G134: Is x 5 1 x 2 5 2 x 2 x
A135: 363 | B135: DS72951.01 | C135: =if(D135<24%,"Easy", If(D135>74%, "Very Hard", IF(D135<50%, "Medium", "Hard"))) -> Medium | D135: 0.45 | E135: C | F135: Fractions/Ratios/Decimals/Word Problems | G135: Three roommates bela gyorgy and janos together saved money for a tri | H135: New!
A136: 364 | B136: DS11257 | C136: =if(D136<24%,"Easy", If(D136>74%, "Very Hard", IF(D136<50%, "Medium", "Hard"))) -> Medium | D136: 0.25 | E136: E | F136: Exponents/Powers/Inequalities/Number Properties | G136: Is zp negative
A137: 365 | B137: DS04157 | C137: =if(D137<24%,"Easy", If(D137>74%, "Very Hard", IF(D137<50%, "Medium", "Hard"))) -> Hard | D137: 0.55 | E137: E | F137: Word Problems | G137: In each game of a certain tournament a contestant either loses 3 poin
A138: 366 | B138: DS05631 | C138: =if(D138<24%,"Easy", If(D138>74%, "Very Hard", IF(D138<50%, "Medium", "Hard"))) -> Hard | D138: 0.55 | E138: D | F138: Fractions/Ratios/Decimals | G138: At the beginning of the year the finance committee and the planning c
A139: 367 | B139: DS15561 | C139: =if(D139<24%,"Easy", If(D139>74%, "Very Hard", IF(D139<50%, "Medium", "Hard"))) -> Medium | D139: 0.45 | E139: A | F139: Inequalities | G139: If xy 0 is x 3 y
A140: 368 | B140: DS13541 | C140: =if(D140<24%,"Easy", If(D140>74%, "Very Hard", IF(D140<50%, "Medium", "Hard"))) -> Hard | D140: 0.55 | E140: A | F140: Percent and Interest Problems | G140: Max purchased a guitar for a total of 624 which consisted of the pric
A141: 369 | B141: DS75271.01 | C141: =if(D141<24%,"Easy", If(D141>74%, "Very Hard", IF(D141<50%, "Medium", "Hard"))) -> Hard | D141: 0.65 | E141: D | F141: Geometry | G141: A pentagon with 5 sides of equal length and 5 interior angles of equal | H141: New!
A142: 370 | B142: DS13841.01 | C142: =if(D142<24%,"Easy", If(D142>74%, "Very Hard", IF(D142<50%, "Medium", "Hard"))) -> Medium | D142: 0.25 | E142: D | F142: Inequalities | G142: If 2 00x and 3 00y are 2 numbers in decimal form with thousandths digi | H142: New!
A143: 371 | B143: DS50351.01 | C143: =if(D143<24%,"Easy", If(D143>74%, "Very Hard", IF(D143<50%, "Medium", "Hard"))) -> Hard | D143: 0.65 | E143: C | F143: Geometry | G143: The length width and height of a rectangular box in centimeters ar | H143: New!
A144: 372 | B144: DS06027 | C144: =if(D144<24%,"Easy", If(D144>74%, "Very Hard", IF(D144<50%, "Medium", "Hard"))) -> Medium | D144: 0.25 | E144: C | F144: Number Properties | G144: What is the sum of a certain pair of consecutive odd integers
A145: 373 | B145: DS45530.01 | C145: =if(D145<24%,"Easy", If(D145>74%, "Very Hard", IF(D145<50%, "Medium", "Hard"))) -> Medium | D145: 0.25 | E145: B | F145: Algebra | G145: Is x y 1 2x 3 y 3 1 3 2 x 4 y | H145: New!
A146: 374 | B146: DS08197 | C146: =if(D146<24%,"Easy", If(D146>74%, "Very Hard", IF(D146<50%, "Medium", "Hard"))) -> Medium | D146: 0.45 | E146: D | F146: Number Properties | G146: The sum of 4 different odd integers is 64 what is the value of the
A147: 375 | B147: DS13130 | C147: =if(D147<24%,"Easy", If(D147>74%, "Very Hard", IF(D147<50%, "Medium", "Hard"))) -> Medium | D147: 0.45 | E147: C | F147: Word Problems | G147: Was the number of books sold at bookstore x last week greater than the
A148: 376 | B148: DS47651.01 | C148: =if(D148<24%,"Easy", If(D148>74%, "Very Hard", IF(D148<50%, "Medium", "Hard"))) -> Hard | D148: 0.65 | E148: C | F148: Geometry | G148: A rectangular solid has length width and height of l cm w cm and h | H148: New!
A149: 377 | B149: DS08091.01 | C149: =if(D149<24%,"Easy", If(D149>74%, "Very Hard", IF(D149<50%, "Medium", "Hard"))) -> Hard | D149: 0.55 | E149: A | F149: Statistics and Sets Problems | G149: A certain list l contains a total of n numbers not necessarily dist | H149: New!
A150: 378 | B150: DS04540 | C150: =if(D150<24%,"Easy", If(D150>74%, "Very Hard", IF(D150<50%, "Medium", "Hard"))) -> Medium | D150: 0.25 | E150: C | F150: Word Problems/Percent and Interest Problems | G150: From may 1 to may 30 in the same year the balance in a
A151: 379 | B151: DS08365 | C151: =if(D151<24%,"Easy", If(D151>74%, "Very Hard", IF(D151<50%, "Medium", "Hard"))) -> Hard | D151: 0.55 | E151: E | F151: Percent and Interest Problems/Word Problems | G151: A merchant discounted the sale price of a coat and the sale price of a
A152: 380 | B152: DS01168 | C152: =if(D152<24%,"Easy", If(D152>74%, "Very Hard", IF(D152<50%, "Medium", "Hard"))) -> Medium | D152: 0.35 | E152: D | F152: Number Properties | G152: If the positive integer n is added to each of the integers 69 94 and
A153: 381 | B153: DS71521.01 | C153: =if(D153<24%,"Easy", If(D153>74%, "Very Hard", IF(D153<50%, "Medium", "Hard"))) -> Medium | D153: 0.45 | E153: B | F153: Word Problems | G153: If a merchant purchased a sofa from a manufacturer for 400 and then s | H153: New!
A154: 382 | B154: DS05269 | C154: =if(D154<24%,"Easy", If(D154>74%, "Very Hard", IF(D154<50%, "Medium", "Hard"))) -> Easy | D154: 0.15 | E154: B | F154: Word Problems | G154: Last year in a certain housing development the average arithmetic m
A155: 383 | B155: DS11527 | C155: =if(D155<24%,"Easy", If(D155>74%, "Very Hard", IF(D155<50%, "Medium", "Hard"))) -> Very Hard | D155: 0.85 | E155: D | F155: Word Problems | G155: For a certain city s library the average cost of purchasing each new
A156: 384 | B156: DS89950.01 | C156: =if(D156<24%,"Easy", If(D156>74%, "Very Hard", IF(D156<50%, "Medium", "Hard"))) -> Hard | D156: 0.55 | E156: A | F156: Statistics and Sets Problems | G156: If x is a number in the list above what is the median of the list | H156: New!
A157: 385 | B157: DS15045 | C157: =if(D157<24%,"Easy", If(D157>74%, "Very Hard", IF(D157<50%, "Medium", "Hard"))) -> Hard | D157: 0.65 | E157: C | F157: Word Problems | G157: Three dice each of which has its 6 sides numbered 1 through 6 are to
A158: 386 | B158: DS01324 | C158: =if(D158<24%,"Easy", If(D158>74%, "Very Hard", IF(D158<50%, "Medium", "Hard"))) -> Hard | D158: 0.55 | E158: C | F158: Geometry/Number Properties | G158: On the number line point r has coordinate r and point t has coordinat
A159: 387 | B159: DS06659 | C159: =if(D159<24%,"Easy", If(D159>74%, "Very Hard", IF(D159<50%, "Medium", "Hard"))) -> Easy | D159: 0.15 | E159: C | F159: Combinations/Coordinate Geometry | G159: S is a set of points in the plane how many distinct triangles can be
A160: 388 | B160: DS16078 | C160: =if(D160<24%,"Easy", If(D160>74%, "Very Hard", IF(D160<50%, "Medium", "Hard"))) -> Medium | D160: 0.25 | E160: C | F160: Word Problems | G160: Stores land m each sell a certain product at a different
A161: 389 | B161: DS16529 | C161: =if(D161<24%,"Easy", If(D161>74%, "Very Hard", IF(D161<50%, "Medium", "Hard"))) -> Easy | D161: 0.15 | E161: B | F161: Fractions/Ratios/Decimals | G161: If d denotes a decimal is d
A162: 390 | B162: DS08231 | C162: =if(D162<24%,"Easy", If(D162>74%, "Very Hard", IF(D162<50%, "Medium", "Hard"))) -> Very Hard | D162: 0.85 | E162: D | F162: Arithmetic/Functions and Custom Characters/Number Properties | G162: In the two digit integers 3 box and 2 bigtriangleup the
A163: 391 | B163: DS07262 | C163: =if(D163<24%,"Easy", If(D163>74%, "Very Hard", IF(D163<50%, "Medium", "Hard"))) -> Hard | D163: 0.65 | E163: A | F163: Fractions/Ratios/Decimals | G163: Two points n and q not shown lie to the right of point m on line
A164: 392 | B164: DS05639 | C164: =if(D164<24%,"Easy", If(D164>74%, "Very Hard", IF(D164<50%, "Medium", "Hard"))) -> Medium | D164: 0.25 | E164: B | F164: Word Problems | G164: Did the sum of the prices of three shirts exceed
A165: 393 | B165: DS03057 | C165: =if(D165<24%,"Easy", If(D165>74%, "Very Hard", IF(D165<50%, "Medium", "Hard"))) -> Medium | D165: 0.35 | E165: C | F165: Word Problems | G165: What is the total number of coins that bert and claire have
A166: 394 | B166: DS05668 | C166: =if(D166<24%,"Easy", If(D166>74%, "Very Hard", IF(D166<50%, "Medium", "Hard"))) -> Medium | D166: 0.25 | E166: A | F166: Word Problems | G166: A telephone station has x processors each of which can process a maxi
A167: 395 | B167: DS07953 | C167: =if(D167<24%,"Easy", If(D167>74%, "Very Hard", IF(D167<50%, "Medium", "Hard"))) -> Very Hard | D167: 0.75 | E167: B | F167: Algebra/Word Problems | G167: Kim and sue each bought some roses and some daisies at the prices show
A168: 396 | B168: DS14406 | C168: =if(D168<24%,"Easy", If(D168>74%, "Very Hard", IF(D168<50%, "Medium", "Hard"))) -> Medium | D168: 0.45 | E168: B | F168: Percent and Interest Problems | G168: Jazz and blues recordings accounted for 6 percent of the 840 million
... A185: 413 | B185: DS13965 | C185: =if(D185<24%,"Easy", If(D185>74%, "Very Hard", IF(D185<50%, "Medium", "Hard"))) -> Hard | D185: 0.65 | E185: E | F185: Number Properties | G185: If x is a positive integer then is x prime 1 3x 1 is prime 2 5x
A186: 414 | B186: DS00172 | C186: Medium | D186: 0.25 | E186: C | F186: Statistics and Sets Problems | G186: What is the value of n in the list above k, n, 12, 6, 17
...

Sheet RC
A1: GMAT Club Guide to the Official GMAT Guide 2020 Edition
A2: Passage | B2: Question | C2: ID | D2: Difficulty | E2: % Wrong | F2: OA | G2: Primary Category | H2: Text
A3: 1 | B3: 461 | C3: RC00504-01 | D3: =if(E3<24%,"Easy", If(E3>74%, "Very Hard", IF(E3<50%, "Medium", "Hard"))) -> Medium | E3: 0.25 | F3: D | G3: Short Passage/Science | H3: Scientist long believed that two nerve cluster in the human hypothalam
B4: =B3+1 -> 462 | C4: RC00504-05 | D4: =if(E4<24%,"Easy", If(E4>74%, "Very Hard", IF(E4<50%, "Medium", "Hard"))) -> Easy | E4: 0.07 | F4: D | G4: Short Passage/Science | H4: Scientist long believed that two nerve cluster in the human hypothalam
B5: =B4+1 -> 463 | C5: RC00504-04 | D5: =if(E5<24%,"Easy", If(E5>74%, "Very Hard", IF(E5<50%, "Medium", "Hard"))) -> Medium | E5: 0.28 | F5: B | G5: Short Passage/Science | H5: Scientist long believed that two nerve cluster in the human hypothalam
A6: 2 | B6: =B5+1 -> 464 | C6: RC00525-01 | D6: =if(E6<24%,"Easy", If(E6>74%, "Very Hard", IF(E6<50%, "Medium", "Hard"))) -> Medium | E6: 0.41 | F6: B | G6: Business | H6: In their study of whether offering a guarantee of service quality will
B7: =B6+1 -> 465 | C7: RC00525-02 | D7: =if(E7<24%,"Easy", If(E7>74%, "Very Hard", IF(E7<50%, "Medium", "Hard"))) -> Medium | E7: 0.31 | F7: C | G7: Business | H7: In their study of whether offering a guarantee of service quality will
B8: =B7+1 -> 466 | C8: RC00525-07 | D8: =if(E8<24%,"Easy", If(E8>74%, "Very Hard", IF(E8<50%, "Medium", "Hard"))) -> Easy | E8: 0.09 | F8: C | G8: Business | H8: In their study of whether offering a guarantee of service quality will
A9: 3 | B9: =B8+1 -> 467 | C9: RC00455-03 | D9: =if(E9<24%,"Easy", If(E9>74%, "Very Hard", IF(E9<50%, "Medium", "Hard"))) -> Medium | E9: 0.4 | F9: A | G9: Short Passage/Science | H9: One proposal for preserving rain forests is to promote the adop
B10: =B9+1 -> 468 | C10: RC00455-03 | D10: =if(E10<24%,"Easy", If(E10>74%, "Very Hard", IF(E10<50%, "Medium", "Hard"))) -> Easy | E10: 0.21 | F10: C | G10: Short Passage/Science | H10: One proposal for preserving rain forests is to promote the adop
A11: 4 | B11: =B10+1 -> 469 | C11: RC00344-02 | D11: =if(E11<24%,"Easy", If(E11>74%, "Very Hard", IF(E11<50%, "Medium", "Hard"))) -> Easy | E11: 0.15 | F11: D | G11: Business/Social Science/Short Passage | H11: The argument for monetizing or putting a monetary value on ecosystem
B12: =B11+1 -> 470 | C12: RC00344-04 | D12: =if(E12<24%,"Easy", If(E12>74%, "Very Hard", IF(E12<50%, "Medium", "Hard"))) -> Easy | E12: 0.16 | F12: C | G12: Business/Social Science/Short Passage | H12: The argument for monetizing or putting a monetary value on ecosystem
B13: =B12+1 -> 471 | C13: RC00344-05 | D13: =if(E13<24%,"Easy", If(E13>74%, "Very Hard", IF(E13<50%, "Medium", "Hard"))) -> Easy | E13: 0.17 | F13: A | G13: Business/Social Science/Short Passage | H13: The argument for monetizing or putting a monetary value on ecosystem
B14: =B13+1 -> 472 | C14: RC00344-06 | D14: =if(E14<24%,"Easy", If(E14>74%, "Very Hard", IF(E14<50%, "Medium", "Hard"))) -> Medium | E14: 0.27 | F14: C | G14: Business/Social Science/Short Passage | H14: The argument for monetizing or putting a monetary value on ecosystem
A15: 5 | B15: =B14+1 -> 473 | C15: RC00359-01 | D15: =if(E15<24%,"Easy", If(E15>74%, "Very Hard", IF(E15<50%, "Medium", "Hard"))) -> Medium | E15: 0.3 | F15: C | G15: Business/Short Passage | H15: Much research has been devoted to investigating what motivates consu
B16: =B15+1 -> 474 | C16: RC00359-03 | D16: =if(E16<24%,"Easy", If(E16>74%, "Very Hard", IF(E16<50%, "Medium", "Hard"))) -> Easy | E16: 0.17 | F16: C | G16: Business/Short Passage | H16: Much research has been devoted to investigating what motivates consu
B17: =B16+1 -> 475 | C17: RC00359-05 | D17: =if(E17<24%,"Easy", If(E17>74%, "Very Hard", IF(E17<50%, "Medium", "Hard"))) -> Medium | E17: 0.3 | F17: E | G17: Business/Short Passage | H17: Much research has been devoted to investigating what motivates consu
B18: =B17+1 -> 476 | C18: RC00359-06 | D18: =if(E18<24%,"Easy", If(E18>74%, "Very Hard", IF(E18<50%, "Medium", "Hard"))) -> Easy | E18: 0.18 | F18: A | G18: Business/Short Passage | H18: Much research has been devoted to investigating what motivates consu
A19: 6 | B19: =B18+1 -> 477 | C19: RC00419-01 | D19: =if(E19<24%,"Easy", If(E19>74%, "Very Hard", IF(E19<50%, "Medium", "Hard"))) -> Easy | E19: 0.16 | F19: C | G19: Business/Long Passage | H19: Historians remain divided over the role of banks in facilitating eco
B20: =B19+1 -> 478 | C20: RC00419-02 | D20: =if(E20<24%,"Easy", If(E20>74%, "Very Hard", IF(E20<50%, "Medium", "Hard"))) -> Easy | E20: 0.1 | F20: B | G20: Business/Long Passage | H20: Historians remain divided over the role of banks in facilitating eco
B21: =B20+1 -> 479 | C21: RC00419-04 | D21: =if(E21<24%,"Easy", If(E21>74%, "Very Hard", IF(E21<50%, "Medium", "Hard"))) -> Medium | E21: 0.37 | F21: B | G21: Business/Long Passage | H21: Historians remain divided over the role of banks in facilitating eco
B22: =B21+1 -> 480 | C22: RC00419-05 | D22: =if(E22<24%,"Easy", If(E22>74%, "Very Hard", IF(E22<50%, "Medium", "Hard"))) -> Medium | E22: 0.29 | F22: A | G22: Business/Long Passage | H22: Historians remain divided over the role of banks in facilitating eco
B23: =B22+1 -> 481 | C23: RC00419-06 | D23: =if(E23<24%,"Easy", If(E23>74%, "Very Hard", IF(E23<50%, "Medium", "Hard"))) -> Medium | E23: 0.46 | F23: D | G23: Business/Long Passage | H23: Historians remain divided over the role of banks in facilitating eco
A24: 7 | B24: =B23+1 -> 482 | C24: RC00458-01 | D24: =if(E24<24%,"Easy", If(E24>74%, "Very Hard", IF(E24<50%, "Medium", "Hard"))) -> Easy | E24: 0.22 | F24: C | G24: Business/Short Passage | H24: In recent years western business managers have been heeding the
B25: =B24+1 -> 483 | C25: RC00458-02 | D25: =if(E25<24%,"Easy", If(E25>74%, "Very Hard", IF(E25<50%, "Medium", "Hard"))) -> Easy | E25: 0.23 | F25: E | G25: Business/Short Passage | H25: In recent years western business managers have been heeding the
B26: =B25+1 -> 484 | C26: RC00458-03 | D26: =if(E26<24%,"Easy", If(E26>74%, "Very Hard", IF(E26<50%, "Medium", "Hard"))) -> Easy | E26: 0.15 | F26: B | G26: Business/Short Passage | H26: In recent years western business managers have been heeding the
B27: =B26+1 -> 485 | C27: RC00458-05 | D27: =if(E27<24%,"Easy", If(E27>74%, "Very Hard", IF(E27<50%, "Medium", "Hard"))) -> Easy | E27: 0.15 | F27: D | G27: Business/Short Passage | H27: In recent years western business managers have been heeding the
A28: 8 | B28: =B27+1 -> 486 | C28: RC00497-02 | D28: =if(E28<24%,"Easy", If(E28>74%, "Very Hard", IF(E28<50%, "Medium", "Hard"))) -> Easy | E28: 0.19 | F28: C | G28: Business/Long Passage | H28: In an effort to explain why business acquisitions often fail scholars
B29: =B28+1 -> 487 | C29: RC00497-03 | D29: =if(E29<24%,"Easy", If(E29>74%, "Very Hard", IF(E29<50%, "Medium", "Hard"))) -> Medium | E29: 0.27 | F29: B | G29: Business/Long Passage | H29: In an effort to explain why business acquisitions often fail scholars
B30: =B29+1 -> 488 | C30: RC00497-04 | D30: =if(E30<24%,"Easy", If(E30>74%, "Very Hard", IF(E30<50%, "Medium", "Hard"))) -> Medium | E30: 0.42 | F30: D | G30: Business/Long Passage | H30: In an effort to explain why business acquisitions often fail scholars
B31: =B30+1 -> 489 | C31: RC00497-05 | D31: =if(E31<24%,"Easy", If(E31>74%, "Very Hard", IF(E31<50%, "Medium", "Hard"))) -> Medium | E31: 0.29 | F31: A | G31: Business/Long Passage | H31: In an effort to explain why business acquisitions often fail scholars
A32: 9 | B32: =B31+1 -> 490 | C32: RC00017-02 | D32: =if(E32<24%,"Easy", If(E32>74%, "Very Hard", IF(E32<50%, "Medium", "Hard"))) -> Easy | E32: 0.15 | F32: C | G32: Humanities/Social Science/Short Passage | H32: When jamaican born social activist marcus garvey came to the united st
B33: =B32+1 -> 491 | C33: RC00017-03 | D33: =if(E33<24%,"Easy", If(E33>74%, "Very Hard", IF(E33<50%, "Medium", "Hard"))) -> Medium | E33: 0.26 | F33: D | G33: Humanities/Social Science/Short Passage | H33: When jamaican born social activist marcus garvey came to the united st
B34: =B33+1 -> 492 | C34: RC00017-04 | D34: =if(E34<24%,"Easy", If(E34>74%, "Very Hard", IF(E34<50%, "Medium", "Hard"))) -> Hard | E34: 0.56 | F34: B | G34: Humanities/Social Science/Short Passage | H34: When jamaican born social activist marcus garvey came to the united st
B35: =B34+1 -> 493 | C35: RC00017-05 | D35: =if(E35<24%,"Easy", If(E35>74%, "Very Hard", IF(E35<50%, "Medium", "Hard"))) -> Medium | E35: 0.29 | F35: B | G35: Humanities/Social Science/Short Passage | H35: When jamaican born social activist marcus garvey came to the united st
A36: 10 | B36: =B35+1 -> 494 | C36: RC38200-01.01 | D36: =if(E36<24%,"Easy", If(E36>74%, "Very Hard", IF(E36<50%, "Medium", "Hard"))) -> Easy | E36: 0.16 | F36: B | G36: Social Science/Long Passage | H36: Arboria is floundering in the global marketplace incurring devastati
B37: =B36+1 -> 495 | C37: RC38200-02.01 | D37: =if(E37<24%,"Easy", If(E37>74%, "Very Hard", IF(E37<50%, "Medium", "Hard"))) -> Easy | E37: 0.23 | F37: D | G37: Social Science/Long Passage | H37: Arboria is floundering in the global marketplace incurring devastati
B38: =B37+1 -> 496 | C38: RC38200-03.01 | D38: =if(E38<24%,"Easy", If(E38>74%, "Very Hard", IF(E38<50%, "Medium", "Hard"))) -> Easy | E38: 0.04 | F38: E | G38: Social Science/Long Passage | H38: Arboria is floundering in the global marketplace incurring devastati
B39: =B38+1 -> 497 | C39: RC38200-04.01 | D39: =if(E39<24%,"Easy", If(E39>74%, "Very Hard", IF(E39<50%, "Medium", "Hard"))) -> Medium | E39: 0.27 | F39: D | G39: Social Science/Long Passage | H39: Arboria is floundering in the global marketplace incurring devastati
B40: =B39+1 -> 498 | C40: RC38200-05.01 | D40: =if(E40<24%,"Easy", If(E40>74%, "Very Hard", IF(E40<50%, "Medium", "Hard"))) -> Medium | E40: 0.25 | F40: E | G40: Social Science/Long Passage | H40: Arboria is floundering in the global marketplace incurring devastati
B41: =B40+1 -> 499 | C41: RC38200-06.01 | D41: =if(E41<24%,"Easy", If(E41>74%, "Very Hard", IF(E41<50%, "Medium", "Hard"))) -> Easy | E41: 0.13 | F41: C | G41: Social Science/Long Passage | H41: Arboria is floundering in the global marketplace incurring devastati
B42: =B41+1 -> 500 | C42: RC38200-07.01 | D42: =if(E42<24%,"Easy", If(E42>74%, "Very Hard", IF(E42<50%, "Medium", "Hard"))) -> Medium | E42: 0.32 | F42: C | G42: Social Science/Long Passage | H42: Arboria is floundering in the global marketplace incurring devastati
B43: =B42+1 -> 501 | C43: RC38200-08.01 | D43: =if(E43<24%,"Easy", If(E43>74%, "Very Hard", IF(E43<50%, "Medium", "Hard"))) -> Easy | E43: 0.12 | F43: B | G43: Social Science/Long Passage | H43: Arboria is floundering in the global marketplace incurring devastati
A44: 12 | B44: =B43+1 -> 502 | C44: RC74000-01.01 | D44: =if(E44<24%,"Easy", If(E44>74%, "Very Hard", IF(E44<50%, "Medium", "Hard"))) -> Hard | E44: 0.58 | F44: D | G44: Long Passage/Humanities | H44: In winters v united states 1908 the supreme court held that the ri
B45: =B44+1 -> 503 | C45: RC74000-02.01 | D45: =if(E45<24%,"Easy", If(E45>74%, "Very Hard", IF(E45<50%, "Medium", "Hard"))) -> Medium | E45: 0.48 | F45: C | G45: Long Passage/Humanities | H45: In winters v united states 1908 the supreme court held that the ri
B46: =B45+1 -> 504 | C46: RC74000-03.01 | D46: =if(E46<24%,"Easy", If(E46>74%, "Very Hard", IF(E46<50%, "Medium", "Hard"))) -> Medium | E46: 0.38 | F46: B | G46: Long Passage/Humanities | H46: In winters v united states 1908 the supreme court held that the ri
B47: =B46+1 -> 505 | C47: RC74000-04.01 | D47: =if(E47<24%,"Easy", If(E47>74%, "Very Hard", IF(E47<50%, "Medium", "Hard"))) -> Medium | E47: 0.42 | F47: A | G47: Long Passage/Humanities | H47: In winters v united states 1908 the supreme court held that the ri
B48: =B47+1 -> 506 | C48: RC74000-05.01 | D48: =if(E48<24%,"Easy", If(E48>74%, "Very Hard", IF(E48<50%, "Medium", "Hard"))) -> Medium | E48: 0.4 | F48: E | G48: Long Passage/Humanities | H48: In winters v united states 1908 the supreme court held that the ri
B49: =B48+1 -> 507 | C49: RC74000-06.01 | D49: =if(E49<24%,"Easy", If(E49>74%, "Very Hard", IF(E49<50%, "Medium", "Hard"))) -> Medium | E49: 0.34 | F49: A | G49: Long Passage/Humanities | H49: In winters v united states 1908 the supreme court held that the ri
B50: =B49+1 -> 508 | C50: RC74000-07.01 | D50: =if(E50<24%,"Easy", If(E50>74%, "Very Hard", IF(E50<50%, "Medium", "Hard"))) -> Medium | E50: 0.45 | F50: B | G50: Long Passage/Humanities | H50: In winters v united states 1908 the supreme court held that the ri
B51: =B50+1 -> 509 | C51: RC74000-08.01 | D51: =if(E51<24%,"Easy", If(E51>74%, "Very Hard", IF(E51<50%, "Medium", "Hard"))) -> Hard | E51: 0.5 | F51: E | G51: Long Passage/Humanities | H51: In winters v united states 1908 the supreme court held that the ri
A52: 13 | B52: =B51+1 -> 510 | C52: RC00394-02 | D52: =if(E52<24%,"Easy", If(E52>74%, "Very Hard", IF(E52<50%, "Medium", "Hard"))) -> Medium | E52: 0.45 | F52: B | G52: Short Passage/Business | H52: In corporate purchasing competitive scrutiny is typically limited to
B53: =B52+1 -> 511 | C53: RC00394-03 | D53: =if(E53<24%,"Easy", If(E53>74%, "Very Hard", IF(E53<50%, "Medium", "Hard"))) -> Medium | E53: 0.4 | F53: C | G53: Short Passage/Business | H53: In corporate purchasing competitive scrutiny is typically limited to
B54: =B53+1 -> 512 | C54: RC00394-04 | D54: =if(E54<24%,"Easy", If(E54>74%, "Very Hard", IF(E54<50%, "Medium", "Hard"))) -> Medium | E54: 0.28 | F54: C | G54: Short Passage/Business | H54: In corporate purchasing competitive scrutiny is typically limited to
B55: =B54+1 -> 513 | C55: RC00394-05 | D55: =if(E55<24%,"Easy", If(E55>74%, "Very Hard", IF(E55<50%, "Medium", "Hard"))) -> Easy | E55: 0.19 | F55: A | G55: Short Passage/Business | H55: In corporate purchasing competitive scrutiny is typically limited to
B56: =B55+1 -> 514 | C56: RC00394-06 | D56: =if(E56<24%,"Easy", If(E56>74%, "Very Hard", IF(E56<50%, "Medium", "Hard"))) -> Easy | E56: 0.08 | F56: D | G56: Short Passage/Business | H56: In corporate purchasing competitive scrutiny is typically limited to
A57: 14 | B57: =B56+1 -> 515 | C57: RC00423-01 | D57: =if(E57<24%,"Easy", If(E57>74%, "Very Hard", IF(E57<50%, "Medium", "Hard"))) -> Medium | E57: 0.26 | F57: D | G57: Science/Short Passage | H57: Carotenoids a family of natural pigments form an important part of
B58: =B57+1 -> 516 | C58: RC00423-02 | D58: =if(E58<24%,"Easy", If(E58>74%, "Very Hard", IF(E58<50%, "Medium", "Hard"))) -> Medium | E58: 0.44 | F58: C | G58: Science/Short Passage | H58: Carotenoids a family of natural pigments form an important part of
B59: =B58+1 -> 517 | C59: RC00423-03 | D59: =if(E59<24%,"Easy", If(E59>74%, "Very Hard", IF(E59<50%, "Medium", "Hard"))) -> Medium | E59: 0.37 | F59: E | G59: Science/Short Passage | H59: Carotenoids a family of natural pigments form an important part of
B60: =B59+1 -> 518 | C60: RC00423-04 | D60: =if(E60<24%,"Easy", If(E60>74%, "Very Hard", IF(E60<50%, "Medium", "Hard"))) -> Medium | E60: 0.28 | F60: A | G60: Science/Short Passage | H60: Carotenoids a family of natural pigments form an important part of
B61: =B60+1 -> 519 | C61: RC00423-05 | D61: =if(E61<24%,"Easy", If(E61>74%, "Very Hard", IF(E61<50%, "Medium", "Hard"))) -> Medium | E61: 0.29 | F61: C | G61: Science/Short Passage | H61: Carotenoids a family of natural pigments form an important part of
A62: 15 | B62: =B61+1 -> 520 | C62: RC00349-02 | D62: =if(E62<24%,"Easy", If(E62>74%, "Very Hard", IF(E62<50%, "Medium", "Hard"))) -> Medium | E62: 0.34 | F62: D | G62: Short Passage/Humanities | H62: Linda kerber argued in the mid 1980 s that after the american
B63: =B62+1 -> 521 | C63: RC00349-03 | D63: =if(E63<24%,"Easy", If(E63>74%, "Very Hard", IF(E63<50%, "Medium", "Hard"))) -> Medium | E63: 0.31 | F63: E | G63: Short Passage/Humanities | H63: Linda kerber argued in the mid 1980 s that after the american
B64: =B63+1 -> 522 | C64: RC00349-04 | D64: =if(E64<24%,"Easy", If(E64>74%, "Very Hard", IF(E64<50%, "Medium", "Hard"))) -> Medium | E64: 0.39 | F64: A | G64: Short Passage/Humanities | H64: Linda kerber argued in the mid 1980 s that after the american
B65: =B64+1 -> 523 | C65: RC00349-05 | D65: =if(E65<24%,"Easy", If(E65>74%, "Very Hard", IF(E65<50%, "Medium", "Hard"))) -> Easy | E65: 0.06 | F65: B | G65: Short Passage/Humanities | H65: Linda kerber argued in the mid 1980 s that after the american
B66: =B65+1 -> 524 | C66: RC00349-06 | D66: =if(E66<24%,"Easy", If(E66>74%, "Very Hard", IF(E66<50%, "Medium", "Hard"))) -> Hard | E66: 0.55 | F66: C | G66: Short Passage/Humanities | H66: Linda kerber argued in the mid 1980 s that after the american
A67: 16 | B67: =B66+1 -> 525 | C67: RC00633-01 | D67: =if(E67<24%,"Easy", If(E67>74%, "Very Hard", IF(E67<50%, "Medium", "Hard"))) -> Medium | E67: 0.27 | F67: C | G67: Science/Long Passage | H67: In the sonoran desert of northwestern mexico and southern arizona t
B68: =B67+1 -> 526 | C68: RC00633-02 | D68: =if(E68<24%,"Easy", If(E68>74%, "Very Hard", IF(E68<50%, "Medium", "Hard"))) -> Medium | E68: 0.31 | F68: B | G68: Science/Long Passage | H68: In the sonoran desert of northwestern mexico and southern arizona t
B69: =B68+1 -> 527 | C69: RC00633-06 | D69: =if(E69<24%,"Easy", If(E69>74%, "Very Hard", IF(E69<50%, "Medium", "Hard"))) -> Medium | E69: 0.49 | F69: E | G69: Science/Long Passage | H69: In the sonoran desert of northwestern mexico and southern arizona t
A70: 17 | B70: =B69+1 -> 528 | C70: RC00121-01 | D70: =if(E70<24%,"Easy", If(E70>74%, "Very Hard", IF(E70<50%, "Medium", "Hard"))) -> Medium | E70: 0.29 | F70: C | G70: Business/Long Passage | H70: Manufacturers have to do more than build large manufacturing
B71: =B70+1 -> 529 | C71: RC00121-02 | D71: =if(E71<24%,"Easy", If(E71>74%, "Very Hard", IF(E71<50%, "Medium", "Hard"))) -> Easy | E71: 0.16 | F71: E | G71: Business/Long Passage | H71: Manufacturers have to do more than build large manufacturing
B72: =B71+1 -> 530 | C72: RC00121-03 | D72: =if(E72<24%,"Easy", If(E72>74%, "Very Hard", IF(E72<50%, "Medium", "Hard"))) -> Medium | E72: 0.26 | F72: A | G72: Business/Long Passage | H72: Manufacturers have to do more than build large manufacturing
B73: =B72+1 -> 531 | C73: RC00121-05 | D73: =if(E73<24%,"Easy", If(E73>74%, "Very Hard", IF(E73<50%, "Medium", "Hard"))) -> Medium | E73: 0.34 | F73: D | G73: Business/Long Passage | H73: Manufacturers have to do more than build large manufacturing
B74: =B73+1 -> 532 | C74: RC00121-07 | D74: =if(E74<24%,"Easy", If(E74>74%, "Very Hard", IF(E74<50%, "Medium", "Hard"))) -> Medium | E74: 0.32 | F74: A | G74: Business/Long Passage | H74: Manufacturers have to do more than build large manufacturing
A75: 18 | B75: =B74+1 -> 533 | C75: RC00120-05 | D75: =if(E75<24%,"Easy", If(E75>74%, "Very Hard", IF(E75<50%, "Medium", "Hard"))) -> Medium | E75: 0.25 | F75: C | G75: Science/Long Passage | H75: A small number of the forest species of lepidoptera moths and butterf
B76: =B75+1 -> 534 | C76: RC00120-06 | D76: =if(E76<24%,"Easy", If(E76>74%, "Very Hard", IF(E76<50%, "Medium", "Hard"))) -> Easy | E76: 0.18 | F76: A | G76: Science/Long Passage | H76: A small number of the forest species of lepidoptera moths and butterf
B77: =B76+1 -> 535 | C77: RC00120-01 | D77: =if(E77<24%,"Easy", If(E77>74%, "Very Hard", IF(E77<50%, "Medium", "Hard"))) -> Easy | E77: 0.18 | F77: B | G77: Science/Long Passage | H77: A small number of the forest species of lepidoptera moths and butterf
B78: =B77+1 -> 536 | C78: RC00120-02 | D78: =if(E78<24%,"Easy", If(E78>74%, "Very Hard", IF(E78<50%, "Medium", "Hard"))) -> Easy | E78: 0.08 | F78: D | G78: Science/Long Passage | H78: A small number of the forest species of lepidoptera moths and butterf
B79: =B78+1 -> 537 | C79: RC00120-03 | D79: =if(E79<24%,"Easy", If(E79>74%, "Very Hard", IF(E79<50%, "Medium", "Hard"))) -> Easy | E79: 0.21 | F79: E | G79: Science/Long Passage | H79: A small number of the forest species of lepidoptera moths and butterf
B80: =B79+1 -> 538 | C80: RC00120-04 | D80: =if(E80<24%,"Easy", If(E80>74%, "Very Hard", IF(E80<50%, "Medium", "Hard"))) -> Medium | E80: 0.39 | F80: C | G80: Science/Long Passage | H80: A small number of the forest species of lepidoptera moths and butterf
A81: 19 | B81: =B80+1 -> 539 | C81: RC00223-03 | D81: =if(E81<24%,"Easy", If(E81>74%, "Very Hard", IF(E81<50%, "Medium", "Hard"))) -> Medium | E81: 0.31 | F81: A | G81: Science | H81: Resin is a plant secretion that hardens when exposed to air fossilize
B82: =B81+1 -> 540 | C82: RC00223-04 | D82: =if(E82<24%,"Easy", If(E82>74%, "Very Hard", IF(E82<50%, "Medium", "Hard"))) -> Easy | E82: 0.19 | F82: E | G82: Science | H82: Resin is a plant secretion that hardens when exposed to air fossilize
B83: =B82+1 -> 541 | C83: RC00223-05 | D83: =if(E83<24%,"Easy", If(E83>74%, "Very Hard", IF(E83<50%, "Medium", "Hard"))) -> Medium | E83: 0.43 | F83: A | G83: Science | H83: Resin is a plant secretion that hardens when exposed to air fossilize
B84: =B83+1 -> 542 | C84: RC00223-07 | D84: =if(E84<24%,"Easy", If(E84>74%, "Very Hard", IF(E84<50%, "Medium", "Hard"))) -> Medium | E84: 0.46 | F84: D | G84: Science | H84: Resin is a plant secretion that hardens when exposed to air fossilize
A85: 20 | B85: =B84+1 -> 543 | C85: RC00333-01 | D85: =if(E85<24%,"Easy", If(E85>74%, "Very Hard", IF(E85<50%, "Medium", "Hard"))) -> Easy | E85: 0.17 | F85: D | G85: Business/Social Science | H85: During the 1980s many economic historians studying latin america fo
B86: =B85+1 -> 544 | C86: RC00333-02 | D86: =if(E86<24%,"Easy", If(E86>74%, "Very Hard", IF(E86<50%, "Medium", "Hard"))) -> Easy | E86: 0.2 | F86: D | G86: Business/Social Science | H86: During the 1980s many economic historians studying latin america fo
B87: =B86+1 -> 545 | C87: RC00333-04 | D87: =if(E87<24%,"Easy", If(E87>74%, "Very Hard", IF(E87<50%, "Medium", "Hard"))) -> Medium | E87: 0.4 | F87: B | G87: Business/Social Science | H87: During the 1980s many economic historians studying latin america fo
A88: 21 | B88: =B87+1 -> 546 | C88: RC00272-02 | D88: =if(E88<24%,"Easy", If(E88>74%, "Very Hard", IF(E88<50%, "Medium", "Hard"))) -> Medium | E88: 0.35 | F88: B | G88: Business/Short Passage | H88: Among the myths taken as fact by the environmental managers of most co
B89: =B88+1 -> 547 | C89: RC00272-04 | D89: =if(E89<24%,"Easy", If(E89>74%, "Very Hard", IF(E89<50%, "Medium", "Hard"))) -> Medium | E89: 0.3 | F89: C | G89: Business/Short Passage | H89: Among the myths taken as fact by the environmental managers of most co
B90: =B89+1 -> 548 | C90: RC00272-06 | D90: =if(E90<24%,"Easy", If(E90>74%, "Very Hard", IF(E90<50%, "Medium", "Hard"))) -> Easy | E90: 0.21 | F90: C | G90: Business/Short Passage | H90: Among the myths taken as fact by the environmental managers of most co
B91: =B90+1 -> 549 | C91: RC00272-07 | D91: =if(E91<24%,"Easy", If(E91>74%, "Very Hard", IF(E91<50%, "Medium", "Hard"))) -> Medium | E91: 0.29 | F91: E | G91: Business/Short Passage | H91: Among the myths taken as fact by the environmental managers of most co
A92: 22 | B92: =B91+1 -> 550 | C92: RC00109-01 | D92: =if(E92<24%,"Easy", If(E92>74%, "Very Hard", IF(E92<50%, "Medium", "Hard"))) -> Easy | E92: 0.1 | F92: D | G92: Social Science | H92: Two works published in 1984 demonstrate contrasting approaches to writ
B93: =B92+1 -> 551 | C93: RC00109-02 | D93: =if(E93<24%,"Easy", If(E93>74%, "Very Hard", IF(E93<50%, "Medium", "Hard"))) -> Medium | E93: 0.34 | F93: E | G93: Social Science | H93: Two works published in 1984 demonstrate contrasting approaches to writ
B94: =B93+1 -> 552 | C94: RC00109-03 | D94: =if(E94<24%,"Easy", If(E94>74%, "Very Hard", IF(E94<50%, "Medium", "Hard"))) -> Medium | E94: 0.24 | F94: B | G94: Social Science | H94: Two works published in 1984 demonstrate contrasting approaches to writ
B95: =B94+1 -> 553 | C95: RC00109-04 | D95: =if(E95<24%,"Easy", If(E95>74%, "Very Hard", IF(E95<50%, "Medium", "Hard"))) -> Medium | E95: 0.27 | F95: D | G95: Social Science | H95: Two works published in 1984 demonstrate contrasting approaches to writ
B96: =B95+1 -> 554 | C96: RC00109-05 | D96: =if(E96<24%,"Easy", If(E96>74%, "Very Hard", IF(E96<50%, "Medium", "Hard"))) -> Hard | E96: 0.52 | F96: C | G96: Social Science | H96: Two works published in 1984 demonstrate contrasting approaches to writ
B97: =B96+1 -> 555 | C97: RC00109-06 | D97: =if(E97<24%,"Easy", If(E97>74%, "Very Hard", IF(E97<50%, "Medium", "Hard"))) -> Medium | E97: 0.32 | F97: C | G97: Social Science | H97: Two works published in 1984 demonstrate contrasting approaches to writ
A98: 23 | B98: =B97+1 -> 556 | C98: RC00558-01 | D98: =if(E98<24%,"Easy", If(E98>74%, "Very Hard", IF(E98<50%, "Medium", "Hard"))) -> Medium | E98: 0.38 | F98: E | G98: Humanities/Social Science/Short Passage | H98: Acting on the recommendation of a british government committee investi
B99: =B98+1 -> 557 | C99: RC00558-02 | D99: =if(E99<24%,"Easy", If(E99>74%, "Very Hard", IF(E99<50%, "Medium", "Hard"))) -> Easy | E99: 0.18 | F99: A | G99: Humanities/Social Science/Short Passage | H99: Acting on the recommendation of a british government committee investi
B100: =B99+1 -> 558 | C100: RC00558-06 | D100: =if(E100<24%,"Easy", If(E100>74%, "Very Hard", IF(E100<50%, "Medium", "Hard"))) -> Medium | E100: 0.49 | F100: B | G100: Humanities/Social Science/Short Passage | H100: Acting on the recommendation of a british government committee investi
...

Sheet CR
A1: GMAT Club Guide to the Official GMAT Guide 2020 Edition
A2: Question | B2: ID | C2: Difficulty | D2: Percentile | E2: OA | F2: Primary Category | G2: Text
A3: 610 | B3: CR700041.01 | C3: =if(D3<24%,"Easy", If(D3>74%, "Very Hard", IF(D3<50%, "Medium", "Hard"))) -> Easy | D3: 0.15 | E3: B | F3: Strengthen | G3: Arts advocate few universities require that students who are speciali
A4: =A3+1 -> 611 | B4: CR48541.01 | C4: =if(D4<24%,"Easy", If(D4>74%, "Very Hard", IF(D4<50%, "Medium", "Hard"))) -> Medium | D4: 0.25 | E4: B | F4: Strengthen | G4: A successful coffee stand that serves the workers in a large office bu
A5: =A4+1 -> 612 | B5: CR53631.01 | C5: =if(D5<24%,"Easy", If(D5>74%, "Very Hard", IF(D5<50%, "Medium", "Hard"))) -> Very Hard | D5: 0.85 | E5: B | F5: Assumption | G5: Ramirez the film industry claims that pirated dvds which are usually
A6: =A5+1 -> 613 | B6: CR79041.01 | C6: =if(D6<24%,"Easy", If(D6>74%, "Very Hard", IF(D6<50%, "Medium", "Hard"))) -> Medium | D6: 0.25 | E6: B | F6: Resolve Paradox | G6: Harunia province has a relatively dry climate and is attracting a fast
A7: =A6+1 -> 614 | B7: CR31551.01 | C7: =if(D7<24%,"Easy", If(D7>74%, "Very Hard", IF(D7<50%, "Medium", "Hard"))) -> Easy | D7: 0.05 | E7: D | F7: Strengthen | G7: Loss of the gocha mangrove forests has caused coastal erosion reducin
A8: =A7+1 -> 615 | B8: CR07651.01 | C8: =if(D8<24%,"Easy", If(D8>74%, "Very Hard", IF(D8<50%, "Medium", "Hard"))) -> Easy | D8: 0.15 | E8: D | F8: Weaken | G8: Executives at the fizzles beverage company plan to boost profits in co
A9: =A8+1 -> 616 | B9: CR33061.01 | C9: =if(D9<24%,"Easy", If(D9>74%, "Very Hard", IF(D9<50%, "Medium", "Hard"))) -> Medium | D9: 0.25 | E9: D | F9: Resolve Paradox | G9: Economist in 2015 the average per person amount paid for goods and
A10: =A9+1 -> 617 | B10: CR09616 | C10: =if(D10<24%,"Easy", If(D10>74%, "Very Hard", IF(D10<50%, "Medium", "Hard"))) -> Easy | D10: 0.05 | E10: E | F10: Inference | G10: Neuroscientist memory evolved to help animals react appropriately to
A11: =A10+1 -> 618 | B11: CR25061.01 | C11: =if(D11<24%,"Easy", If(D11>74%, "Very Hard", IF(D11<50%, "Medium", "Hard"))) -> Medium | D11: 0.25 | E11: C | F11: Evaluate Argument | G11: In country x s last election the reform party beat its main opponent
A12: =A11+1 -> 619 | B12: CR40751.01 | C12: =if(D12<24%,"Easy", If(D12>74%, "Very Hard", IF(D12<50%, "Medium", "Hard"))) -> Medium | D12: 0.25 | E12: C | F12: Weaken | G12: A company that manufactures plastic products from recyclable plastic
A13: =A12+1 -> 620 | B13: CR73241.01 | C13: =if(D13<24%,"Easy", If(D13>74%, "Very Hard", IF(D13<50%, "Medium", "Hard"))) -> Medium | D13: 0.25 | E13: D | F13: Strengthen | G13: Researchers asked volunteers to imagine they were running a five kilom
A14: =A13+1 -> 621 | B14: CR41141.01 | C14: =if(D14<24%,"Easy", If(D14>74%, "Very Hard", IF(D14<50%, "Medium", "Hard"))) -> Easy | D14: 0.05 | E14: A | F14: Complete the Passage | G14: According to a study after a week of high altitude living twenty men
A15: =A14+1 -> 622 | B15: CR11741.01 | C15: =if(D15<24%,"Easy", If(D15>74%, "Very Hard", IF(D15<50%, "Medium", "Hard"))) -> Medium | D15: 0.35 | E15: D | F15: Assumption | G15: Editorial our city s public transportation agency is facing a budget
... A151: =A150+1 -> 758 | B151: CR05093 | C151: =if(D151<24%,"Easy", If(D151>74%, "Very Hard", IF(D151<50%, "Medium", "Hard"))) -> Very Hard | D151: 0.85 | E151: B | F151: Weaken | G151: It is widely assumed that people need to engage in intellectual activi

Sheet SC
A1: GMAT Club Guide to the Official GMAT Guide 2020 Edition
A2: Question | B2: ID | C2: Difficulty | D2: Percentile | E2: OA | F2: Primary Category | G2: Text
A3: 759 | B3: SC01527 | C3: =if(D3<24%,"Easy", If(D3>74%, "Very Hard", IF(D3<50%, "Medium", "Hard"))) -> Easy | D3: 0.05 | E3: A | F3: Construction/Parallel Structure | G3: According to some critics watching television not only undermines one
A4: =A3+1 -> 760 | B4: SC12999 | C4: =if(D4<24%,"Easy", If(D4>74%, "Very Hard", IF(D4<50%, "Medium", "Hard"))) -> Easy | D4: 0.05 | E4: D | F4: Parallel Structure | G4: In her presentation the head of the better business bureau emphasized
A5: =A4+1 -> 761 | B5: SC15382 | C5: =if(D5<24%,"Easy", If(D5>74%, "Very Hard", IF(D5<50%, "Medium", "Hard"))) -> Easy | D5: 0.05 | E5: B | F5: Modifiers/Subject Verb Agreement | G5: Recent interdisciplinary studies advance the argument that emotions
A6: =A5+1 -> 762 | B6: SC01455 | C6: =if(D6<24%,"Easy", If(D6>74%, "Very Hard", IF(D6<50%, "Medium", "Hard"))) -> Easy | D6: 0.05 | E6: B | F6: Construction/Verb Tense/Form | G6: In a speech before the senate banking committee the chairman of the f
A7: =A6+1 -> 763 | B7: SC03014 | C7: =if(D7<24%,"Easy", If(D7>74%, "Very Hard", IF(D7<50%, "Medium", "Hard"))) -> Easy | D7: 0.05 | E7: D | F7: Construction/Parallel Structure | G7: As with ants the elaborate social structure of termites includes a
A8: =A7+1 -> 764 | B8: SC02078 | C8: =if(D8<24%,"Easy", If(D8>74%, "Very Hard", IF(D8<50%, "Medium", "Hard"))) -> Easy | D8: 0.05 | E8: C | F8: Parallel Structure/Participle Parallelism/Verb Tense/Form | G8: While noble sissle may be best known for his collaboration with eubie
A9: =A8+1 -> 765 | B9: SC03881 | C9: =if(D9<24%,"Easy", If(D9>74%, "Very Hard", IF(D9<50%, "Medium", "Hard"))) -> Easy | D9: 0.05 | E9: D | F9: Comparisons/Meaning/Modifiers | G9: Air traffic routes over the north pole are currently used by only two
A10: =A9+1 -> 766 | B10: SC01680 | C10: =if(D10<24%,"Easy", If(D10>74%, "Very Hard", IF(D10<50%, "Medium", "Hard"))) -> Easy | D10: 0.05 | E10: D | F10: Construction/Idioms | G10: Og 2016 from an experiment using special extrasensory perception car
A11: =A10+1 -> 767 | B11: SC02272 | C11: =if(D11<24%,"Easy", If(D11>74%, "Very Hard", IF(D11<50%, "Medium", "Hard"))) -> Medium | D11: 0.45 | E11: D | F11: Idioms/Parallel Structure | G11: A long term study of some 1 000 physicians indicates that the more cof
A12: =A11+1 -> 768 | B12: SC02069 | C12: =if(D12<24%,"Easy", If(D12>74%, "Very Hard", IF(D12<50%, "Medium", "Hard"))) -> Easy | D12: 0.05 | E12: B | F12: Clauses/Conjunctions/Punctuation/Style and Usage | G12: Hurricanes at first begin traveling from east to west because that di
A13: =A12+1 -> 769 | B13: SC03083 | C13: =if(D13<24%,"Easy", If(D13>74%, "Very Hard", IF(D13<50%, "Medium", "Hard"))) -> Easy | D13: 0.05 | E13: B | F13: Participle Parallelism | G13: Travelers from earth to mars would have to endure low levels of gravit
A14: =A13+1 -> 770 | B14: SC01739 | C14: =if(D14<24%,"Easy", If(D14>74%, "Very Hard", IF(D14<50%, "Medium", "Hard"))) -> Easy | D14: 0.05 | E14: D | F14: Comparisons | G14: Unlike the virginal whose single set of strings runs parallel to the
A15: =A14+1 -> 771 | B15: SC02000 | C15: =if(D15<24%,"Easy", If(D15>74%, "Very Hard", IF(D15<50%, "Medium", "Hard"))) -> Easy | D15: 0.05 | E15: C | F15: Parallel Structure/Verb Tense/Form | G15: Although alice walker published a number of essays poetry collections
... A151: =A150+1 -> 907 | B151: SC04836 | C151: =if(D151<24%,"Easy", If(D151>74%, "Very Hard", IF(D151<50%, "Medium", "Hard"))) -> Medium | D151: 0.25 | E151: E | F151: Idioms/Style and Usage/Subject Verb Agreement | G151: Rock samples taken from the remains of an asteroid about twice the

Sheet Error Log
A1: GMAT Club Guide to the Official GMAT Guide 2020 Edition
A2: Question | B2: Verbal/Quant | C2: Section | D2: Difficulty Level | E2: Percentile | F2: Category | G2: Your Answer | H2: Result | I2: Completed Time
A3: 1 | B3: Quant | C3: PS | D3: =IF($G3="","",PS!C3) | E3: =IF($G3="","",PS!D3) | F3: =IF($G3="","",PS!F3) | H3: =IF(G3="","NA",IF(G3=PS!E3,"Correct","Incorrect")) -> NA
A4: =A3+1 -> 2 | B4: Quant | C4: PS | D4: =IF($G4="","",PS!C4) | E4: =IF($G4="","",PS!D4) | F4: =IF($G4="","",PS!F4) | H4: =IF(G4="","NA",IF(G4=PS!E4,"Correct","Incorrect")) -> NA
A5: =A4+1 -> 3 | B5: Quant | C5: PS | D5: =IF($G5="","",PS!C5) | E5: =IF($G5="","",PS!D5) | F5: =IF($G5="","",PS!F5) | H5: =IF(G5="","NA",IF(G5=PS!E5,"Correct","Incorrect")) -> NA
A6: =A5+1 -> 4 | B6: Quant | C6: PS | D6: =IF($G6="","",PS!C6) | E6: =IF($G6="","",PS!D6) | F6: =IF($G6="","",PS!F6) | H6: =IF(G6="","NA",IF(G6=PS!E6,"Correct","Incorrect")) -> NA
A7: =A6+1 -> 5 | B7: Quant | C7: PS | D7: =IF($G7="","",PS!C7) | E7: =IF($G7="","",PS!D7) | F7: =IF($G7="","",PS!F7) | H7: =IF(G7="","NA",IF(G7=PS!E7,"Correct","Incorrect")) -> NA
A8: =A7+1 -> 6 | B8: Quant | C8: PS | D8: =IF($G8="","",PS!C8) | E8: =IF($G8="","",PS!D8) | F8: =IF($G8="","",PS!F8) | H8: =IF(G8="","NA",IF(G8=PS!E8,"Correct","Incorrect")) -> NA
A9: =A8+1 -> 7 | B9: Quant | C9: PS | D9: =IF($G9="","",PS!C9) | E9: =IF($G9="","",PS!D9) | F9: =IF($G9="","",PS!F9) | H9: =IF(G9="","NA",IF(G9=PS!E9,"Correct","Incorrect")) -> NA
A10: =A9+1 -> 8 | B10: Quant | C10: PS | D10: =IF($G10="","",PS!C10) | E10: =IF($G10="","",PS!D10) | F10: =IF($G10="","",PS!F10) | H10: =IF(G10="","NA",IF(G10=PS!E10,"Correct","Incorrect")) -> NA
A11: =A10+1 -> 9 | B11: Quant | C11: PS | D11: =IF($G11="","",PS!C11) | E11: =IF($G11="","",PS!D11) | F11: =IF($G11="","",PS!F11) | H11: =IF(G11="","NA",IF(G11=PS!E11,"Correct","Incorrect")) -> NA
A12: =A11+1 -> 10 | B12: Quant | C12: PS | D12: =IF($G12="","",PS!C12) | E12: =IF($G12="","",PS!D12) | F12: =IF($G12="","",PS!F12) | H12: =IF(G12="","NA",IF(G12=PS!E12,"Correct","Incorrect")) -> NA
A13: =A12+1 -> 11 | B13: Quant | C13: PS | D13: =IF($G13="","",PS!C13) | E13: =IF($G13="","",PS!D13) | F13: =IF($G13="","",PS!F13) | H13: =IF(G13="","NA",IF(G13=PS!E13,"Correct","Incorrect")) -> NA
A14: =A13+1 -> 12 | B14: Quant | C14: PS | D14: =IF($G14="","",PS!C14) | E14: =IF($G14="","",PS!D14) | F14: =IF($G14="","",PS!F14) | H14: =IF(G14="","NA",IF(G14=PS!E14,"Correct","Incorrect")) -> NA
A15: =A14+1 -> 13 | B15: Quant | C15: PS | D15: =IF($G15="","",PS!C15) | E15: =IF($G15="","",PS!D15) | F15: =IF($G15="","",PS!F15) | H15: =IF(G15="","NA",IF(G15=PS!E15,"Correct","Incorrect")) -> NA
... A232: =A231+1 -> 230 | B232: Quant | C232: PS | D232: =IF($G232="","",PS!C232) | E232: =IF($G232="","",PS!D232) | F232: =IF($G232="","",PS!F232) | H232: =IF(G232="","NA",IF(G232=PS!E232,"Correct","Incorrect")) -> NA
A233: =A232+1 -> 231 | B233: Quant | C233: DS | D233: =IF($G233="","",DS!C3) | E233: =IF($G233="","",DS!D3) | F233: =IF($G233="","",DS!F3) | H233: =IF(G233="","NA",IF(G233=DS!E3,"Correct","Incorrect")) -> NA
A234: =A233+1 -> 232 | B234: Quant | C234: DS | D234: =IF($G234="","",DS!C4) | E234: =IF($G234="","",DS!D4) | F234: =IF($G234="","",DS!F4) | H234: =IF(G234="","NA",IF(G234=DS!E4,"Correct","Incorrect")) -> NA
A235: =A234+1 -> 233 | B235: Quant | C235: DS | D235: =IF($G235="","",DS!C5) | E235: =IF($G235="","",DS!D5) | F235: =IF($G235="","",DS!F5) | H235: =IF(G235="","NA",IF(G235=DS!E5,"Correct","Incorrect")) -> NA
A236: =A235+1 -> 234 | B236: Quant | C236: DS | D236: =IF($G236="","",DS!C6) | E236: =IF($G236="","",DS!D6) | F236: =IF($G236="","",DS!F6) | H236: =IF(G236="","NA",IF(G236=DS!E6,"Correct","Incorrect")) -> NA
A237: =A236+1 -> 235 | B237: Quant | C237: DS | D237: =IF($G237="","",DS!C7) | E237: =IF($G237="","",DS!D7) | F237: =IF($G237="","",DS!F7) | H237: =IF(G237="","NA",IF(G237=DS!E7,"Correct","Incorrect")) -> NA
A238: =A237+1 -> 236 | B238: Quant | C238: DS | D238: =IF($G238="","",DS!C8) | E238: =IF($G238="","",DS!D8) | F238: =IF($G238="","",DS!F8) | H238: =IF(G238="","NA",IF(G238=DS!E8,"Correct","Incorrect")) -> NA
A239: =A238+1 -> 237 | B239: Quant | C239: DS | D239: =IF($G239="","",DS!C9) | E239: =IF($G239="","",DS!D9) | F239: =IF($G239="","",DS!F9) | H239: =IF(G239="","NA",IF(G239=DS!E9,"Correct","Incorrect")) -> NA
A240: =A239+1 -> 238 | B240: Quant | C240: DS | D240: =IF($G240="","",DS!C10) | E240: =IF($G240="","",DS!D10) | F240: =IF($G240="","",DS!F10) | H240: =IF(G240="","NA",IF(G240=DS!E10,"Correct","Incorrect")) -> NA
A241: =A240+1 -> 239 | B241: Quant | C241: DS | D241: =IF($G241="","",DS!C11) | E241: =IF($G241="","",DS!D11) | F241: =IF($G241="","",DS!F11) | H241: =IF(G241="","NA",IF(G241=DS!E11,"Correct","Incorrect")) -> NA
A242: =A241+1 -> 240 | B242: Quant | C242: DS | D242: =IF($G242="","",DS!C12) | E242: =IF($G242="","",DS!D12) | F242: =IF($G242="","",DS!F12) | H242: =IF(G242="","NA",IF(G242=DS!E12,"Correct","Incorrect")) -> NA
A243: =A242+1 -> 241 | B243: Quant | C243: DS | D243: =IF($G243="","",DS!C13) | E243: =IF($G243="","",DS!D13) | F243: =IF($G243="","",DS!F13) | H243: =IF(G243="","NA",IF(G243=DS!E13,"Correct","Incorrect")) -> NA
A244: =A243+1 -> 242 | B244: Quant | C244: DS | D244: =IF($G244="","",DS!C14) | E244: =IF($G244="","",DS!D14) | F244: =IF($G244="","",DS!F14) | H244: =IF(G244="","NA",IF(G244=DS!E14,"Correct","Incorrect")) -> NA
... A462: =A461+1 -> 460 | B462: Quant | C462: DS | D462: =IF($G462="","",DS!C232) | E462: =IF($G462="","",DS!D232) | F462: =IF($G462="","",DS!F232) | H462: =IF(G462="","NA",IF(G462=DS!E232,"Correct","Incorrect")) -> NA
A463: =A462+1 -> 461 | B463: Verbal | C463: RC | D463: =IF($G463="","",'RC'!D3) | E463: =IF($G463="","",'RC'!E3) | F463: =IF($G463="","",'RC'!G3) | H463: =IF(G463="","NA",IF(G463='RC'!F3,"Correct","Incorrect")) -> NA
A464: =A463+1 -> 462 | B464: Verbal | C464: RC | D464: =IF($G464="","",'RC'!D4) | E464: =IF($G464="","",'RC'!E4) | F464: =IF($G464="","",'RC'!G4) | H464: =IF(G464="","NA",IF(G464='RC'!F4,"Correct","Incorrect")) -> NA
A465: =A464+1 -> 463 | B465: Verbal | C465: RC | D465: =IF($G465="","",'RC'!D5) | E465: =IF($G465="","",'RC'!E5) | F465: =IF($G465="","",'RC'!G5) | H465: =IF(G465="","NA",IF(G465='RC'!F5,"Correct","Incorrect")) -> NA
A466: =A465+1 -> 464 | B466: Verbal | C466: RC | D466: =IF($G466="","",'RC'!D6) | E466: =IF($G466="","",'RC'!E6) | F466: =IF($G466="","",'RC'!G6) | H466: =IF(G466="","NA",IF(G466='RC'!F6,"Correct","Incorrect")) -> NA
A467: =A466+1 -> 465 | B467: Verbal | C467: RC | D467: =IF($G467="","",'RC'!D7) | E467: =IF($G467="","",'RC'!E7) | F467: =IF($G467="","",'RC'!G7) | H467: =IF(G467="","NA",IF(G467='RC'!F7,"Correct","Incorrect")) -> NA
A468: =A467+1 -> 466 | B468: Verbal | C468: RC | D468: =IF($G468="","",'RC'!D8) | E468: =IF($G468="","",'RC'!E8) | F468: =IF($G468="","",'RC'!G8) | H468: =IF(G468="","NA",IF(G468='RC'!F8,"Correct","Incorrect")) -> NA
A469: =A468+1 -> 467 | B469: Verbal | C469: RC | D469: =IF($G469="","",'RC'!D9) | E469: =IF($G469="","",'RC'!E9) | F469: =IF($G469="","",'RC'!G9) | H469: =IF(G469="","NA",IF(G469='RC'!F9,"Correct","Incorrect")) -> NA
A470: =A469+1 -> 468 | B470: Verbal | C470: RC | D470: =IF($G470="","",'RC'!D10) | E470: =IF($G470="","",'RC'!E10) | F470: =IF($G470="","",'RC'!G10) | H470: =IF(G470="","NA",IF(G470='RC'!F10,"Correct","Incorrect")) -> NA
A471: =A470+1 -> 469 | B471: Verbal | C471: RC | D471: =IF($G471="","",'RC'!D11) | E471: =IF($G471="","",'RC'!E11) | F471: =IF($G471="","",'RC'!G11) | H471: =IF(G471="","NA",IF(G471='RC'!F11,"Correct","Incorrect")) -> NA
A472: =A471+1 -> 470 | B472: Verbal | C472: RC | D472: =IF($G472="","",'RC'!D12) | E472: =IF($G472="","",'RC'!E12) | F472: =IF($G472="","",'RC'!G12) | H472: =IF(G472="","NA",IF(G472='RC'!F12,"Correct","Incorrect")) -> NA
A473: =A472+1 -> 471 | B473: Verbal | C473: RC | D473: =IF($G473="","",'RC'!D13) | E473: =IF($G473="","",'RC'!E13) | F473: =IF($G473="","",'RC'!G13) | H473: =IF(G473="","NA",IF(G473='RC'!F13,"Correct","Incorrect")) -> NA
A474: =A473+1 -> 472 | B474: Verbal | C474: RC | D474: =IF($G474="","",'RC'!D14) | E474: =IF($G474="","",'RC'!E14) | F474: =IF($G474="","",'RC'!G14) | H474: =IF(G474="","NA",IF(G474='RC'!F14,"Correct","Incorrect")) -> NA
... A611: =A610+1 -> 609 | B611: Verbal | C611: RC | D611: =IF($G611="","",'RC'!D151) | E611: =IF($G611="","",'RC'!E151) | F611: =IF($G611="","",'RC'!G151) | H611: =IF(G611="","NA",IF(G611='RC'!F151,"Correct","Incorrect")) -> NA
A612: =A611+1 -> 610 | B612: Verbal | C612: CR | D612: =IF($G612="","",CR!C3) | E612: =IF($G612="","",CR!D3) | F612: =IF($G612="","",CR!F3) | H612: =IF(G612="","NA",IF(G612=CR!E3,"Correct","Incorrect")) -> NA
A613: =A612+1 -> 611 | B613: Verbal | C613: CR | D613: =IF($G613="","",CR!C4) | E613: =IF($G613="","",CR!D4) | F613: =IF($G613="","",CR!F4) | H613: =IF(G613="","NA",IF(G613=CR!E4,"Correct","Incorrect")) -> NA
A614: =A613+1 -> 612 | B614: Verbal | C614: CR | D614: =IF($G614="","",CR!C5) | E614: =IF($G614="","",CR!D5) | F614: =IF($G614="","",CR!F5) | H614: =IF(G614="","NA",IF(G614=CR!E5,"Correct","Incorrect")) -> NA
A615: =A614+1 -> 613 | B615: Verbal | C615: CR | D615: =IF($G615="","",CR!C6) | E615: =IF($G615="","",CR!D6) | F615: =IF($G615="","",CR!F6) | H615: =IF(G615="","NA",IF(G615=CR!E6,"Correct","Incorrect")) -> NA
A616: =A615+1 -> 614 | B616: Verbal | C616: CR | D616: =IF($G616="","",CR!C7) | E616: =IF($G616="","",CR!D7) | F616: =IF($G616="","",CR!F7) | H616: =IF(G616="","NA",IF(G616=CR!E7,"Correct","Incorrect")) -> NA
A617: =A616+1 -> 615 | B617: Verbal | C617: CR | D617: =IF($G617="","",CR!C8) | E617: =IF($G617="","",CR!D8) | F617: =IF($G617="","",CR!F8) | H617: =IF(G617="","NA",IF(G617=CR!E8,"Correct","Incorrect")) -> NA
A618: =A617+1 -> 616 | B618: Verbal | C618: CR | D618: =IF($G618="","",CR!C9) | E618: =IF($G618="","",CR!D9) | F618: =IF($G618="","",CR!F9) | H618: =IF(G618="","NA",IF(G618=CR!E9,"Correct","Incorrect")) -> NA
A619: =A618+1 -> 617 | B619: Verbal | C619: CR | D619: =IF($G619="","",CR!C10) | E619: =IF($G619="","",CR!D10) | F619: =IF($G619="","",CR!F10) | H619: =IF(G619="","NA",IF(G619=CR!E10,"Correct","Incorrect")) -> NA
A620: =A619+1 -> 618 | B620: Verbal | C620: CR | D620: =IF($G620="","",CR!C11) | E620: =IF($G620="","",CR!D11) | F620: =IF($G620="","",CR!F11) | H620: =IF(G620="","NA",IF(G620=CR!E11,"Correct","Incorrect")) -> NA
A621: =A620+1 -> 619 | B621: Verbal | C621: CR | D621: =IF($G621="","",CR!C12) | E621: =IF($G621="","",CR!D12) | F621: =IF($G621="","",CR!F12) | H621: =IF(G621="","NA",IF(G621=CR!E12,"Correct","Incorrect")) -> NA
A622: =A621+1 -> 620 | B622: Verbal | C622: CR | D622: =IF($G622="","",CR!C13) | E622: =IF($G622="","",CR!D13) | F622: =IF($G622="","",CR!F13) | H622: =IF(G622="","NA",IF(G622=CR!E13,"Correct","Incorrect")) -> NA
A623: =A622+1 -> 621 | B623: Verbal | C623: CR | D623: =IF($G623="","",CR!C14) | E623: =IF($G623="","",CR!D14) | F623: =IF($G623="","",CR!F14) | H623: =IF(G623="","NA",IF(G623=CR!E14,"Correct","Incorrect")) -> NA
... A760: =A759+1 -> 758 | B760: Verbal | C760: CR | D760: =IF($G760="","",CR!C151) | E760: =IF($G760="","",CR!D151) | F760: =IF($G760="","",CR!F151) | H760: =IF(G760="","NA",IF(G760=CR!E151,"Correct","Incorrect")) -> NA
A761: =A760+1 -> 759 | B761: Verbal | C761: SC | D761: =IF($G761="","",SC!C3) | E761: =IF($G761="","",SC!D3) | F761: =IF($G761="","",SC!F3) | H761: =IF(G761="","NA",IF(G761=SC!E3,"Correct","Incorrect")) -> NA
A762: =A761+1 -> 760 | B762: Verbal | C762: SC | D762: =IF($G762="","",SC!C4) | E762: =IF($G762="","",SC!D4) | F762: =IF($G762="","",SC!F4) | H762: =IF(G762="","NA",IF(G762=SC!E4,"Correct","Incorrect")) -> NA
A763: =A762+1 -> 761 | B763: Verbal | C763: SC | D763: =IF($G763="","",SC!C5) | E763: =IF($G763="","",SC!D5) | F763: =IF($G763="","",SC!F5) | H763: =IF(G763="","NA",IF(G763=SC!E5,"Correct","Incorrect")) -> NA
A764: =A763+1 -> 762 | B764: Verbal | C764: SC | D764: =IF($G764="","",SC!C6) | E764: =IF($G764="","",SC!D6) | F764: =IF($G764="","",SC!F6) | H764: =IF(G764="","NA",IF(G764=SC!E6,"Correct","Incorrect")) -> NA
A765: =A764+1 -> 763 | B765: Verbal | C765: SC | D765: =IF($G765="","",SC!C7) | E765: =IF($G765="","",SC!D7) | F765: =IF($G765="","",SC!F7) | H765: =IF(G765="","NA",IF(G765=SC!E7,"Correct","Incorrect")) -> NA
A766: =A765+1 -> 764 | B766: Verbal | C766: SC | D766: =IF($G766="","",SC!C8) | E766: =IF($G766="","",SC!D8) | F766: =IF($G766="","",SC!F8) | H766: =IF(G766="","NA",IF(G766=SC!E8,"Correct","Incorrect")) -> NA
A767: =A766+1 -> 765 | B767: Verbal | C767: SC | D767: =IF($G767="","",SC!C9) | E767: =IF($G767="","",SC!D9) | F767: =IF($G767="","",SC!F9) | H767: =IF(G767="","NA",IF(G767=SC!E9,"Correct","Incorrect")) -> NA
A768: =A767+1 -> 766 | B768: Verbal | C768: SC | D768: =IF($G768="","",SC!C10) | E768: =IF($G768="","",SC!D10) | F768: =IF($G768="","",SC!F10) | H768: =IF(G768="","NA",IF(G768=SC!E10,"Correct","Incorrect")) -> NA
A769: =A768+1 -> 767 | B769: Verbal | C769: SC | D769: =IF($G769="","",SC!C11) | E769: =IF($G769="","",SC!D11) | F769: =IF($G769="","",SC!F11) | H769: =IF(G769="","NA",IF(G769=SC!E11,"Correct","Incorrect")) -> NA
A770: =A769+1 -> 768 | B770: Verbal | C770: SC | D770: =IF($G770="","",SC!C12) | E770: =IF($G770="","",SC!D12) | F770: =IF($G770="","",SC!F12) | H770: =IF(G770="","NA",IF(G770=SC!E12,"Correct","Incorrect")) -> NA
A771: =A770+1 -> 769 | B771: Verbal | C771: SC | D771: =IF($G771="","",SC!C13) | E771: =IF($G771="","",SC!D13) | F771: =IF($G771="","",SC!F13) | H771: =IF(G771="","NA",IF(G771=SC!E13,"Correct","Incorrect")) -> NA
A772: =A771+1 -> 770 | B772: Verbal | C772: SC | D772: =IF($G772="","",SC!C14) | E772: =IF($G772="","",SC!D14) | F772: =IF($G772="","",SC!F14) | H772: =IF(G772="","NA",IF(G772=SC!E14,"Correct","Incorrect")) -> NA
... A909: =A908+1 -> 907 | B909: Verbal | C909: SC | D909: =IF($G909="","",SC!C151) | E909: =IF($G909="","",SC!D151) | F909: =IF($G909="","",SC!F151) | H909: =IF(G909="","NA",IF(G909=SC!E151,"Correct","Incorrect")) -> NA

Sheet Analysis
A1: Table 1. Analysis Table with General Information | AF1: Difficult level | AG1: Answer Choice | AH1: Section | AI1: Timer precise
AF2: Easy | AG2: A | AH2: PS | AI2: 0
A3: Section | B3: Sub-Section | C3: Result | G3: Your avg. Time | AF3: Medium | AG3: B | AH3: DS | AI3: 1
C4: Correct | D4: Incorrect | E4: NA | F4: Grand Total | AF4: Hard | AG4: C | AH4: RC
A5: Quant | B5: DS | C5: =COUNTIFS('Error Log'!$H$3:$H$909,C$4,'Error Log'!$C$3:$C$909,$B5) -> 0 | D5: =COUNTIFS('Error Log'!$H$3:$H$909,D$4,'Error Log'!$C$3:$C$909,$B5) -> 0 | E5: =COUNTIFS('Error Log'!$H$3:$H$909,E$4,'Error Log'!$C$3:$C$909,$B5) -> 230 | F5: =SUM(C5:E5) -> 230 | G5: =IFERROR(AVERAGEIFS('Error Log'!$I$3:$I$909,'Error Log'!$C$3:$C$909,Analysis!B5,'Error Log'!$G$3:$G$909,"<>"),0) -> 0 | AF5: Very Hard | AG5: D | AH5: CR
B6: PS | C6: =COUNTIFS('Error Log'!$H$3:$H$909,C$4,'Error Log'!$C$3:$C$909,$B6) -> 0 | D6: =COUNTIFS('Error Log'!$H$3:$H$909,D$4,'Error Log'!$C$3:$C$909,$B6) -> 0 | E6: =COUNTIFS('Error Log'!$H$3:$H$909,E$4,'Error Log'!$C$3:$C$909,$B6) -> 230 | F6: =SUM(C6:E6) -> 230 | G6: =IFERROR(AVERAGEIFS('Error Log'!$I$3:$I$909,'Error Log'!$C$3:$C$909,Analysis!B6,'Error Log'!$G$3:$G$909,"<>"),0) -> 0 | AF6: N/A | AG6: E | AH6: SC
A7: Quant Total | C7: =SUM(C5:C6) -> 0 | D7: =SUM(D5:D6) -> 0 | E7: =SUM(E5:E6) -> 460 | F7: =SUM(C7:E7) -> 460 | G7: =IFERROR(AVERAGEIFS('Error Log'!$I$3:$I$909,'Error Log'!$B$3:$B$909,"Quant",'Error Log'!$G$3:$G$909,"<>"),0) -> 0 | AH7: Practice
A8: Verbal | B8: CR | C8: =COUNTIFS('Error Log'!$H$3:$H$909,C$4,'Error Log'!$C$3:$C$909,$B8) -> 0 | D8: =COUNTIFS('Error Log'!$H$3:$H$909,D$4,'Error Log'!$C$3:$C$909,$B8) -> 0 | E8: =COUNTIFS('Error Log'!$H$3:$H$909,E$4,'Error Log'!$C$3:$C$909,$B8) -> 149 | F8: =SUM(C8:E8) -> 149 | G8: =IFERROR(AVERAGEIFS('Error Log'!$I$3:$I$909,'Error Log'!$C$3:$C$909,Analysis!B8,'Error Log'!$G$3:$G$909,"<>"),0) -> 0
B9: RC | C9: =COUNTIFS('Error Log'!$H$3:$H$909,C$4,'Error Log'!$C$3:$C$909,$B9) -> 0 | D9: =COUNTIFS('Error Log'!$H$3:$H$909,D$4,'Error Log'!$C$3:$C$909,$B9) -> 0 | E9: =COUNTIFS('Error Log'!$H$3:$H$909,E$4,'Error Log'!$C$3:$C$909,$B9) -> 149 | F9: =SUM(C9:E9) -> 149 | G9: =IFERROR(AVERAGEIFS('Error Log'!$I$3:$I$909,'Error Log'!$C$3:$C$909,Analysis!B9,'Error Log'!$G$3:$G$909,"<>"),0) -> 0
B10: SC | C10: =COUNTIFS('Error Log'!$H$3:$H$909,C$4,'Error Log'!$C$3:$C$909,$B10) -> 0 | D10: =COUNTIFS('Error Log'!$H$3:$H$909,D$4,'Error Log'!$C$3:$C$909,$B10) -> 0 | E10: =COUNTIFS('Error Log'!$H$3:$H$909,E$4,'Error Log'!$C$3:$C$909,$B10) -> 149 | F10: =SUM(C10:E10) -> 149 | G10: =IFERROR(AVERAGEIFS('Error Log'!$I$3:$I$909,'Error Log'!$C$3:$C$909,Analysis!B10,'Error Log'!$G$3:$G$909,"<>"),0) -> 0
A11: Verbal Total | C11: =SUM(C8:C10) -> 0 | D11: =SUM(D8:D10) -> 0 | E11: =SUM(E8:E10) -> 447 | F11: =SUM(C11:E11) -> 447 | G11: =IFERROR(AVERAGEIFS('Error Log'!$I$3:$I$909,'Error Log'!$B$3:$B$909,"Verbal",'Error Log'!$G$3:$G$909,"<>"),0) -> 0
A12: Grand Total | C12: =C7+C11 -> 0 | D12: =D7+D11 -> 0 | E12: =E7+E11 -> 907 | F12: =SUM(C12:E12) -> 907 | G12: =IFERROR(AVERAGEIFS('Error Log'!$I$3:$I$909,'Error Log'!$G$3:$G$909,"<>"),0) -> 0
A16: Table 3. Analysis table with difficult level
A18: Section | B18: Sub-Section | C18: Difficult Level | D18: Result | G18: Grand Total | H18: Your avg. Time
D19: Correct | E19: Incorrect | F19: NA
A20: Quant | B20: DS | C20: Easy | D20: =COUNTIFS('Error Log'!$H$3:$H$909,D$19,'Error Log'!$C$3:$C$909,$B20,'Error Log'!$D$3:$D$909,$C20) -> 0 | E20: =COUNTIFS('Error Log'!$H$3:$H$909,E$19,'Error Log'!$C$3:$C$909,$B20,'Error Log'!$D$3:$D$909,$C20) -> 0 | F20: =COUNTIFS('Error Log'!$H$3:$H$909,F$19,'Error Log'!$C$3:$C$909,$B20,'Error Log'!$D$3:$D$909,$C20) -> 0 | G20: =SUM(D20:F20) -> 0 | H20: =IFERROR(AVERAGEIFS('Error Log'!$I$3:$I$909,'Error Log'!$C$3:$C$909,Analysis!B20,'Error Log'!$G$3:$G$909,"<>",'Error Log'!$D$3:$D$909,C20),0) -> 0
C21: Medium | D21: =COUNTIFS('Error Log'!$H$3:$H$909,D$19,'Error Log'!$C$3:$C$909,$B20,'Error Log'!$D$3:$D$909,$C21) -> 0 | E21: =COUNTIFS('Error Log'!$H$3:$H$909,E$19,'Error Log'!$C$3:$C$909,$B20,'Error Log'!$D$3:$D$909,$C21) -> 0 | F21: =COUNTIFS('Error Log'!$H$3:$H$909,F$19,'Error Log'!$C$3:$C$909,$B20,'Error Log'!$D$3:$D$909,$C21) -> 0 | G21: =SUM(D21:F21) -> 0 | H21: =IFERROR(AVERAGEIFS('Error Log'!$I$3:$I$909,'Error Log'!$C$3:$C$909,Analysis!B20,'Error Log'!$G$3:$G$909,"<>",'Error Log'!$D$3:$D$909,C21),0) -> 0
C22: Hard | D22: =COUNTIFS('Error Log'!$H$3:$H$909,D$19,'Error Log'!$C$3:$C$909,$B20,'Error Log'!$D$3:$D$909,$C22) -> 0 | E22: =COUNTIFS('Error Log'!$H$3:$H$909,E$19,'Error Log'!$C$3:$C$909,$B20,'Error Log'!$D$3:$D$909,$C22) -> 0 | F22: =COUNTIFS('Error Log'!$H$3:$H$909,F$19,'Error Log'!$C$3:$C$909,$B20,'Error Log'!$D$3:$D$909,$C22) -> 0 | G22: =SUM(D22:F22) -> 0 | H22: =IFERROR(AVERAGEIFS('Error Log'!$I$3:$I$909,'Error Log'!$C$3:$C$909,Analysis!B20,'Error Log'!$G$3:$G$909,"<>",'Error Log'!$D$3:$D$909,C22),0) -> 0
C23: Very Hard | D23: =COUNTIFS('Error Log'!$H$3:$H$909,D$19,'Error Log'!$C$3:$C$909,$B20,'Error Log'!$D$3:$D$909,$C23) -> 0 | E23: =COUNTIFS('Error Log'!$H$3:$H$909,E$19,'Error Log'!$C$3:$C$909,$B20,'Error Log'!$D$3:$D$909,$C23) -> 0 | F23: =COUNTIFS('Error Log'!$H$3:$H$909,F$19,'Error Log'!$C$3:$C$909,$B20,'Error Log'!$D$3:$D$909,$C23) -> 0 | G23: =SUM(D23:F23) -> 0 | H23: =IFERROR(AVERAGEIFS('Error Log'!$I$3:$I$909,'Error Log'!$C$3:$C$909,Analysis!B20,'Error Log'!$G$3:$G$909,"<>",'Error Log'!$D$3:$D$909,C23),0) -> 0
C24: N/A | D24: =COUNTIFS('Error Log'!$H$3:$H$909,D$19,'Error Log'!$C$3:$C$909,$B20,'Error Log'!$D$3:$D$909,$C24) -> 0 | E24: =COUNTIFS('Error Log'!$H$3:$H$909,E$19,'Error Log'!$C$3:$C$909,$B20,'Error Log'!$D$3:$D$909,$C24) -> 0 | F24: =COUNTIFS('Error Log'!$H$3:$H$909,F$19,'Error Log'!$C$3:$C$909,$B20,'Error Log'!$D$3:$D$909,$C24) -> 0 | G24: =SUM(D24:F24) -> 0 | H24: =IFERROR(AVERAGEIFS('Error Log'!$I$3:$I$909,'Error Log'!$C$3:$C$909,Analysis!B20,'Error Log'!$G$3:$G$909,"<>",'Error Log'!$D$3:$D$909,C24),0) -> 0
B25: PS | C25: Easy | D25: =COUNTIFS('Error Log'!$H$3:$H$909,D$19,'Error Log'!$C$3:$C$909,$B25,'Error Log'!$D$3:$D$909,$C25) -> 0 | E25: =COUNTIFS('Error Log'!$H$3:$H$909,E$19,'Error Log'!$C$3:$C$909,$B25,'Error Log'!$D$3:$D$909,$C25) -> 0 | F25: =COUNTIFS('Error Log'!$H$3:$H$909,F$19,'Error Log'!$C$3:$C$909,$B25,'Error Log'!$D$3:$D$909,$C25) -> 0 | G25: =SUM(D25:F25) -> 0 | H25: =IFERROR(AVERAGEIFS('Error Log'!$I$3:$I$909,'Error Log'!$C$3:$C$909,Analysis!B25,'Error Log'!$G$3:$G$909,"<>",'Error Log'!$D$3:$D$909,C25),0) -> 0
C26: Medium | D26: =COUNTIFS('Error Log'!$H$3:$H$909,D$19,'Error Log'!$C$3:$C$909,$B25,'Error Log'!$D$3:$D$909,$C26) -> 0 | E26: =COUNTIFS('Error Log'!$H$3:$H$909,E$19,'Error Log'!$C$3:$C$909,$B25,'Error Log'!$D$3:$D$909,$C26) -> 0 | F26: =COUNTIFS('Error Log'!$H$3:$H$909,F$19,'Error Log'!$C$3:$C$909,$B25,'Error Log'!$D$3:$D$909,$C26) -> 0 | G26: =SUM(D26:F26) -> 0 | H26: =IFERROR(AVERAGEIFS('Error Log'!$I$3:$I$909,'Error Log'!$C$3:$C$909,Analysis!B25,'Error Log'!$G$3:$G$909,"<>",'Error Log'!$D$3:$D$909,C26),0) -> 0
C27: Hard | D27: =COUNTIFS('Error Log'!$H$3:$H$909,D$19,'Error Log'!$C$3:$C$909,$B25,'Error Log'!$D$3:$D$909,$C27) -> 0 | E27: =COUNTIFS('Error Log'!$H$3:$H$909,E$19,'Error Log'!$C$3:$C$909,$B25,'Error Log'!$D$3:$D$909,$C27) -> 0 | F27: =COUNTIFS('Error Log'!$H$3:$H$909,F$19,'Error Log'!$C$3:$C$909,$B25,'Error Log'!$D$3:$D$909,$C27) -> 0 | G27: =SUM(D27:F27) -> 0 | H27: =IFERROR(AVERAGEIFS('Error Log'!$I$3:$I$909,'Error Log'!$C$3:$C$909,Analysis!B25,'Error Log'!$G$3:$G$909,"<>",'Error Log'!$D$3:$D$909,C27),0) -> 0
C28: Very Hard | D28: =COUNTIFS('Error Log'!$H$3:$H$909,D$19,'Error Log'!$C$3:$C$909,$B25,'Error Log'!$D$3:$D$909,$C28) -> 0 | E28: =COUNTIFS('Error Log'!$H$3:$H$909,E$19,'Error Log'!$C$3:$C$909,$B25,'Error Log'!$D$3:$D$909,$C28) -> 0 | F28: =COUNTIFS('Error Log'!$H$3:$H$909,F$19,'Error Log'!$C$3:$C$909,$B25,'Error Log'!$D$3:$D$909,$C28) -> 0 | G28: =SUM(D28:F28) -> 0 | H28: =IFERROR(AVERAGEIFS('Error Log'!$I$3:$I$909,'Error Log'!$C$3:$C$909,Analysis!B25,'Error Log'!$G$3:$G$909,"<>",'Error Log'!$D$3:$D$909,C28),0) -> 0
C29: N/A | D29: =COUNTIFS('Error Log'!$H$3:$H$909,D$19,'Error Log'!$C$3:$C$909,$B25,'Error Log'!$D$3:$D$909,$C29) -> 0 | E29: =COUNTIFS('Error Log'!$H$3:$H$909,E$19,'Error Log'!$C$3:$C$909,$B25,'Error Log'!$D$3:$D$909,$C29) -> 0 | F29: =COUNTIFS('Error Log'!$H$3:$H$909,F$19,'Error Log'!$C$3:$C$909,$B25,'Error Log'!$D$3:$D$909,$C29) -> 0 | G29: =SUM(D29:F29) -> 0 | H29: =IFERROR(AVERAGEIFS('Error Log'!$I$3:$I$909,'Error Log'!$C$3:$C$909,Analysis!B25,'Error Log'!$G$3:$G$909,"<>",'Error Log'!$D$3:$D$909,C29),0) -> 0
A30: Quant Total | D30: =SUM(D20:D29) -> 0 | E30: =SUM(E20:E29) -> 0 | F30: =SUM(F20:F29) -> 0 | G30: =SUM(G20:G29) -> 0 | H30: =IFERROR(AVERAGEIFS('Error Log'!$I$3:$I$909,'Error Log'!$B$3:$B$909,"Quant",'Error Log'!$G$3:$G$909,"<>"),0) -> 0
A31: Verbal | B31: CR | C31: Easy | D31: =COUNTIFS('Error Log'!$H$3:$H$909,D$19,'Error Log'!$C$3:$C$909,$B31,'Error Log'!$D$3:$D$909,$C31) -> 0 | E31: =COUNTIFS('Error Log'!$H$3:$H$909,E$19,'Error Log'!$C$3:$C$909,$B31,'Error Log'!$D$3:$D$909,$C31) -> 0 | F31: =COUNTIFS('Error Log'!$H$3:$H$909,F$19,'Error Log'!$C$3:$C$909,$B31,'Error Log'!$D$3:$D$909,$C31) -> 0 | G31: =SUM(D31:F31) -> 0 | H31: =IFERROR(AVERAGEIFS('Error Log'!$I$3:$I$909,'Error Log'!$C$3:$C$909,Analysis!B31,'Error Log'!$G$3:$G$909,"<>",'Error Log'!$D$3:$D$909,C31),0) -> 0
C32: Medium | D32: =COUNTIFS('Error Log'!$H$3:$H$909,D$19,'Error Log'!$C$3:$C$909,$B31,'Error Log'!$D$3:$D$909,$C32) -> 0 | E32: =COUNTIFS('Error Log'!$H$3:$H$909,E$19,'Error Log'!$C$3:$C$909,$B31,'Error Log'!$D$3:$D$909,$C32) -> 0 | F32: =COUNTIFS('Error Log'!$H$3:$H$909,F$19,'Error Log'!$C$3:$C$909,$B31,'Error Log'!$D$3:$D$909,$C32) -> 0 | G32: =SUM(D32:F32) -> 0 | H32: =IFERROR(AVERAGEIFS('Error Log'!$I$3:$I$909,'Error Log'!$C$3:$C$909,Analysis!B31,'Error Log'!$G$3:$G$909,"<>",'Error Log'!$D$3:$D$909,C32),0) -> 0
C33: Hard | D33: =COUNTIFS('Error Log'!$H$3:$H$909,D$19,'Error Log'!$C$3:$C$909,$B31,'Error Log'!$D$3:$D$909,$C33) -> 0 | E33: =COUNTIFS('Error Log'!$H$3:$H$909,E$19,'Error Log'!$C$3:$C$909,$B31,'Error Log'!$D$3:$D$909,$C33) -> 0 | F33: =COUNTIFS('Error Log'!$H$3:$H$909,F$19,'Error Log'!$C$3:$C$909,$B31,'Error Log'!$D$3:$D$909,$C33) -> 0 | G33: =SUM(D33:F33) -> 0 | H33: =IFERROR(AVERAGEIFS('Error Log'!$I$3:$I$909,'Error Log'!$C$3:$C$909,Analysis!B31,'Error Log'!$G$3:$G$909,"<>",'Error Log'!$D$3:$D$909,C33),0) -> 0
C34: Very Hard | D34: =COUNTIFS('Error Log'!$H$3:$H$909,D$19,'Error Log'!$C$3:$C$909,$B31,'Error Log'!$D$3:$D$909,$C34) -> 0 | E34: =COUNTIFS('Error Log'!$H$3:$H$909,E$19,'Error Log'!$C$3:$C$909,$B31,'Error Log'!$D$3:$D$909,$C34) -> 0 | F34: =COUNTIFS('Error Log'!$H$3:$H$909,F$19,'Error Log'!$C$3:$C$909,$B31,'Error Log'!$D$3:$D$909,$C34) -> 0 | G34: =SUM(D34:F34) -> 0 | H34: =IFERROR(AVERAGEIFS('Error Log'!$I$3:$I$909,'Error Log'!$C$3:$C$909,Analysis!B31,'Error Log'!$G$3:$G$909,"<>",'Error Log'!$D$3:$D$909,C34),0) -> 0
C35: N/A | D35: =COUNTIFS('Error Log'!$H$3:$H$909,D$19,'Error Log'!$C$3:$C$909,$B31,'Error Log'!$D$3:$D$909,$C35) -> 0 | E35: =COUNTIFS('Error Log'!$H$3:$H$909,E$19,'Error Log'!$C$3:$C$909,$B31,'Error Log'!$D$3:$D$909,$C35) -> 0 | F35: =COUNTIFS('Error Log'!$H$3:$H$909,F$19,'Error Log'!$C$3:$C$909,$B31,'Error Log'!$D$3:$D$909,$C35) -> 0 | G35: =SUM(D35:F35) -> 0 | H35: =IFERROR(AVERAGEIFS('Error Log'!$I$3:$I$909,'Error Log'!$C$3:$C$909,Analysis!B31,'Error Log'!$G$3:$G$909,"<>",'Error Log'!$D$3:$D$909,C35),0) -> 0
B36: RC | C36: Easy | D36: =COUNTIFS('Error Log'!$H$3:$H$909,D$19,'Error Log'!$C$3:$C$909,$B36,'Error Log'!$D$3:$D$909,$C36) -> 0 | E36: =COUNTIFS('Error Log'!$H$3:$H$909,E$19,'Error Log'!$C$3:$C$909,$B36,'Error Log'!$D$3:$D$909,$C36) -> 0 | F36: =COUNTIFS('Error Log'!$H$3:$H$909,F$19,'Error Log'!$C$3:$C$909,$B36,'Error Log'!$D$3:$D$909,$C36) -> 0 | G36: =SUM(D36:F36) -> 0 | H36: =IFERROR(AVERAGEIFS('Error Log'!$I$3:$I$909,'Error Log'!$C$3:$C$909,Analysis!B36,'Error Log'!$G$3:$G$909,"<>",'Error Log'!$D$3:$D$909,C36),0) -> 0
C37: Medium | D37: =COUNTIFS('Error Log'!$H$3:$H$909,D$19,'Error Log'!$C$3:$C$909,$B36,'Error Log'!$D$3:$D$909,$C37) -> 0 | E37: =COUNTIFS('Error Log'!$H$3:$H$909,E$19,'Error Log'!$C$3:$C$909,$B36,'Error Log'!$D$3:$D$909,$C37) -> 0 | F37: =COUNTIFS('Error Log'!$H$3:$H$909,F$19,'Error Log'!$C$3:$C$909,$B36,'Error Log'!$D$3:$D$909,$C37) -> 0 | G37: =SUM(D37:F37) -> 0 | H37: =IFERROR(AVERAGEIFS('Error Log'!$I$3:$I$909,'Error Log'!$C$3:$C$909,Analysis!B36,'Error Log'!$G$3:$G$909,"<>",'Error Log'!$D$3:$D$909,C37),0) -> 0
C38: Hard | D38: =COUNTIFS('Error Log'!$H$3:$H$909,D$19,'Error Log'!$C$3:$C$909,$B36,'Error Log'!$D$3:$D$909,$C38) -> 0 | E38: =COUNTIFS('Error Log'!$H$3:$H$909,E$19,'Error Log'!$C$3:$C$909,$B36,'Error Log'!$D$3:$D$909,$C38) -> 0 | F38: =COUNTIFS('Error Log'!$H$3:$H$909,F$19,'Error Log'!$C$3:$C$909,$B36,'Error Log'!$D$3:$D$909,$C38) -> 0 | G38: =SUM(D38:F38) -> 0 | H38: =IFERROR(AVERAGEIFS('Error Log'!$I$3:$I$909,'Error Log'!$C$3:$C$909,Analysis!B36,'Error Log'!$G$3:$G$909,"<>",'Error Log'!$D$3:$D$909,C38),0) -> 0
C39: Very Hard | D39: =COUNTIFS('Error Log'!$H$3:$H$909,D$19,'Error Log'!$C$3:$C$909,$B36,'Error Log'!$D$3:$D$909,$C39) -> 0 | E39: =COUNTIFS('Error Log'!$H$3:$H$909,E$19,'Error Log'!$C$3:$C$909,$B36,'Error Log'!$D$3:$D$909,$C39) -> 0 | F39: =COUNTIFS('Error Log'!$H$3:$H$909,F$19,'Error Log'!$C$3:$C$909,$B36,'Error Log'!$D$3:$D$909,$C39) -> 0 | G39: =SUM(D39:F39) -> 0 | H39: =IFERROR(AVERAGEIFS('Error Log'!$I$3:$I$909,'Error Log'!$C$3:$C$909,Analysis!B36,'Error Log'!$G$3:$G$909,"<>",'Error Log'!$D$3:$D$909,C39),0) -> 0
C40: N/A | D40: =COUNTIFS('Error Log'!$H$3:$H$909,D$19,'Error Log'!$C$3:$C$909,$B36,'Error Log'!$D$3:$D$909,$C40) -> 0 | E40: =COUNTIFS('Error Log'!$H$3:$H$909,E$19,'Error Log'!$C$3:$C$909,$B36,'Error Log'!$D$3:$D$909,$C40) -> 0 | F40: =COUNTIFS('Error Log'!$H$3:$H$909,F$19,'Error Log'!$C$3:$C$909,$B36,'Error Log'!$D$3:$D$909,$C40) -> 0 | G40: =SUM(D40:F40) -> 0 | H40: =IFERROR(AVERAGEIFS('Error Log'!$I$3:$I$909,'Error Log'!$C$3:$C$909,Analysis!B36,'Error Log'!$G$3:$G$909,"<>",'Error Log'!$D$3:$D$909,C40),0) -> 0
B41: SC | C41: Easy | D41: =COUNTIFS('Error Log'!$H$3:$H$909,D$19,'Error Log'!$C$3:$C$909,$B41,'Error Log'!$D$3:$D$909,$C41) -> 0 | E41: =COUNTIFS('Error Log'!$H$3:$H$909,E$19,'Error Log'!$C$3:$C$909,$B41,'Error Log'!$D$3:$D$909,$C41) -> 0 | F41: =COUNTIFS('Error Log'!$H$3:$H$909,F$19,'Error Log'!$C$3:$C$909,$B41,'Error Log'!$D$3:$D$909,$C41) -> 0 | G41: =SUM(D41:F41) -> 0 | H41: =IFERROR(AVERAGEIFS('Error Log'!$I$3:$I$909,'Error Log'!$C$3:$C$909,Analysis!B41,'Error Log'!$G$3:$G$909,"<>",'Error Log'!$D$3:$D$909,C41),0) -> 0
C42: Medium | D42: =COUNTIFS('Error Log'!$H$3:$H$909,D$19,'Error Log'!$C$3:$C$909,$B41,'Error Log'!$D$3:$D$909,$C42) -> 0 | E42: =COUNTIFS('Error Log'!$H$3:$H$909,E$19,'Error Log'!$C$3:$C$909,$B41,'Error Log'!$D$3:$D$909,$C42) -> 0 | F42: =COUNTIFS('Error Log'!$H$3:$H$909,F$19,'Error Log'!$C$3:$C$909,$B41,'Error Log'!$D$3:$D$909,$C42) -> 0 | G42: =SUM(D42:F42) -> 0 | H42: =IFERROR(AVERAGEIFS('Error Log'!$I$3:$I$909,'Error Log'!$C$3:$C$909,Analysis!B41,'Error Log'!$G$3:$G$909,"<>",'Error Log'!$D$3:$D$909,C42),0) -> 0
C43: Hard | D43: =COUNTIFS('Error Log'!$H$3:$H$909,D$19,'Error Log'!$C$3:$C$909,$B41,'Error Log'!$D$3:$D$909,$C43) -> 0 | E43: =COUNTIFS('Error Log'!$H$3:$H$909,E$19,'Error Log'!$C$3:$C$909,$B41,'Error Log'!$D$3:$D$909,$C43) -> 0 | F43: =COUNTIFS('Error Log'!$H$3:$H$909,F$19,'Error Log'!$C$3:$C$909,$B41,'Error Log'!$D$3:$D$909,$C43) -> 0 | G43: =SUM(D43:F43) -> 0 | H43: =IFERROR(AVERAGEIFS('Error Log'!$I$3:$I$909,'Error Log'!$C$3:$C$909,Analysis!B41,'Error Log'!$G$3:$G$909,"<>",'Error Log'!$D$3:$D$909,C43),0) -> 0
C44: Very Hard | D44: =COUNTIFS('Error Log'!$H$3:$H$909,D$19,'Error Log'!$C$3:$C$909,$B41,'Error Log'!$D$3:$D$909,$C44) -> 0 | E44: =COUNTIFS('Error Log'!$H$3:$H$909,E$19,'Error Log'!$C$3:$C$909,$B41,'Error Log'!$D$3:$D$909,$C44) -> 0 | F44: =COUNTIFS('Error Log'!$H$3:$H$909,F$19,'Error Log'!$C$3:$C$909,$B41,'Error Log'!$D$3:$D$909,$C44) -> 0 | G44: =SUM(D44:F44) -> 0 | H44: =IFERROR(AVERAGEIFS('Error Log'!$I$3:$I$909,'Error Log'!$C$3:$C$909,Analysis!B41,'Error Log'!$G$3:$G$909,"<>",'Error Log'!$D$3:$D$909,C44),0) -> 0
C45: N/A | D45: =COUNTIFS('Error Log'!$H$3:$H$909,D$19,'Error Log'!$C$3:$C$909,$B41,'Error Log'!$D$3:$D$909,$C45) -> 0 | E45: =COUNTIFS('Error Log'!$H$3:$H$909,E$19,'Error Log'!$C$3:$C$909,$B41,'Error Log'!$D$3:$D$909,$C45) -> 0 | F45: =COUNTIFS('Error Log'!$H$3:$H$909,F$19,'Error Log'!$C$3:$C$909,$B41,'Error Log'!$D$3:$D$909,$C45) -> 0 | G45: =SUM(D45:F45) -> 0 | H45: =IFERROR(AVERAGEIFS('Error Log'!$I$3:$I$909,'Error Log'!$C$3:$C$909,Analysis!B41,'Error Log'!$G$3:$G$909,"<>",'Error Log'!$D$3:$D$909,C45),0) -> 0
A46: Verbal Total | D46: =SUM(D31:D45) -> 0 | E46: =SUM(E31:E45) -> 0 | F46: =SUM(F31:F45) -> 0 | G46: =SUM(G31:G45) -> 0 | H46: =IFERROR(AVERAGEIFS('Error Log'!$I$3:$I$909,'Error Log'!$B$3:$B$909,"Verbal",'Error Log'!$G$3:$G$909,"<>"),0) -> 0
A47: Grand Total | D47: =D30+D46 -> 0 | E47: =E30+E46 -> 0 | F47: =F30+F46 -> 0 | G47: =SUM(D47:F47) -> 0 | H47: =IFERROR(AVERAGEIFS('Error Log'!$I$3:$I$909,'Error Log'!$G$3:$G$909,"<>"),0) -> 0
